 Dungeon Crawl Stone Soup version 0.22.1-1-ga44c0e5 (console) character file.

1510262 erker the Pyromancer (level 27, -1/207 HPs)
             Began as an Octopode Transmuter on Sept 17, 2018.
             Was the Champion of Makhleb.
             Slain by a purple draconian monk (16 damage)
             ... on level 27 of a ziggurat on Sept 28, 2018.
             The game lasted 22:30:11 (103161 turns).

erker the Pyromancer (Octopode Transmuter)        Turns: 103161, Time: 22:30:12

Health: -1/207     AC:  4    Str: 29    XL:     27
Magic:  93/93      EV: 36    Int: 44    God:    Makhleb [******]
Gold:   19118      SH:  4    Dex: 29    Spells: 6/74 levels left

rFire    + + +     SeeInvis +   p - staff of power
rCold    + + +     Gourm    .   (no shield)
rNeg     + . .     Faith    .   f - -2 hat of the Alchemist {rElec rPois rF+ rC+ rN+ MR+ rMut rCorr}
rPois    +         Spirit   .   D - amulet "Hucoemp" {Reflect rC+ Str+4 Dex+4 Slay+2 SH+4}
rElec    +         Reflect  +   J - ring of Kyhaup {Int+6 Dex+3}
rCorr    +         Harm     .   B - ring "Hamyack" {rElec rF++ Str+3 Int+4 Dex-3}
rMut     +                      C - ring "Goir" {MR+ Dex+8}
MR       ++++.                  F - ring of Tiuvaxun {*Drain rC++ Dex+4 Slay+1}
Stlth    +++++++++.             a - ring "Ylloonun" {rPois MP+9}
HPRegen  0.44/turn              G - ring of Lolee {Str+4 Int+4 SInv Stlth+}
MPRegen  0.53/turn              Z - ring "Xaimig" {MP+9 Int+2 Stlth+}
                                P - ring of Zin's Generosity {rElec MP+9 Str+5 Int+4}

@: frozen, studying 2 skills, deflect missiles, very slow
A: almost no armour, stealthy swim, amphibious, 8 rings, constrict 8, tentacle
spike 1, icy blue scales 1, thin metallic scales 1, camouflage 1, shaggy fur 1,
wild magic 1, gelatinous body 1
}: 10/15 runes: decaying, slimy, silver, golden, iron, obsidian, icy, bone,
abyssal, gossamer
a: Minor Destruction, Lesser Servant of Makhleb, Major Destruction, Greater
Servant of Makhleb, Renounce Religion


You were on level 27 of a ziggurat.
You worshipped Makhleb.
Makhleb was exalted by your worship.
You were not hungry.

You visited 18 branches of the dungeon, and saw 88 of its levels.
You visited the Abyss 5 times.
You visited 3 ziggurats (completing 1), and saw 80 of their levels.
You also visited: Labyrinth, Trove, Ossuary, Ice Cave and Desolation.

You collected 19653 gold pieces.
You spent 535 gold pieces at shops.

Inventory:

Hand Weapons
 j - the +8 frozen axe "Frostbite" {freezing cloud, *Noise +Fly rC+}
   (You found it on level 26 of a ziggurat)

   It has been specially enchanted to freeze those struck by it, causing extra
   injury to most foes and up to half again as much damage against particularly
   susceptible opponents.
   It can also slow down cold-blooded creatures.
   It protects you from cold.
   It lets you fly.
   It may make noises in combat.
 z - a +9 broad axe of venom
 M - the +7 sceptre of Torment
   (You found it on level 7 of Tartarus)
Missiles
 b - 6 needles of frenzy
 E - 31 javelins of penetration (quivered)
 U - 3 curare-tipped needles
Armour
 f - the -2 hat of the Alchemist (worn) {rElec rPois rF+ rC+ rN+ MR+ rMut rCorr}
   (You found it on level 23 of a ziggurat)

   It protects you from fire.
   It protects you from cold.
   It insulates you from electricity.
   It protects you from poison.
   It protects you from negative energy.
   It affects your resistance to hostile enchantments.
   It provides partial protection from all sources of acid and corrosion.
   It protects you from mutation.
 V - the +10 large shield of Ignorance {rN+ Int-4}
   (You took it off a ragged hierophant in the Desolation of Salt)

   It affects your intelligence (-4).
   It protects you from negative energy.
Magical Staves
 g - an uncursed staff of wizardry
 p - an uncursed staff of power (weapon)
 v - an uncursed staff of energy
Jewellery
 a - the ring "Ylloonun" (on tentacle) {rPois MP+9}
   (You found it on level 22 of a ziggurat)

   [ring of magical power]

   It protects you from poison.
   It affects your magic capacity (+9).
 s - the ring "Neyrikk" {MR+ Str+3 Int+8 Dex-3}
   (You found it on level 17 of a ziggurat)

   [ring of protection from magic]

   It affects your strength (+3).
   It affects your intelligence (+8).
   It affects your dexterity (-3).
   It affects your resistance to hostile enchantments.
 t - the ring of Bedif {rN+ MR+ Str+2}
   (You found it on level 18 of a ziggurat)

   [ring of strength]

   It affects your strength (+2).
   It protects you from negative energy.
   It affects your resistance to hostile enchantments.
 w - the ring of Odeb {Str+5 Int+3 SInv}
   (You found it on level 27 of a ziggurat)

   [ring of see invisible]

   It affects your strength (+5).
   It affects your intelligence (+3).
   It lets you see invisible.
 B - the ring "Hamyack" (right tentacle) {rElec rF++ Str+3 Int+4 Dex-3}
   (You found it in a treasure trove)

   [ring of intelligence]

   It affects your strength (+3).
   It affects your intelligence (+4).
   It affects your dexterity (-3).
   It greatly protects you from fire.
   It insulates you from electricity.
 C - the ring "Goir" (on tentacle) {MR+ Dex+8}
   (You found it on level 5 of the Pits of Slime)

   [ring of protection from magic]

   It affects your dexterity (+8).
   It affects your resistance to hostile enchantments.
 D - the amulet "Hucoemp" (around mantle) {Reflect rC+ Str+4 Dex+4 Slay+2 SH+4}
   (You found it on level 4 of a ziggurat)

   [amulet of reflection]

   It shields you and reflects attacks.
   It affects your strength (+4).
   It affects your dexterity (+4).
   It affects your accuracy and damage with ranged weapons and melee attacks
   (+2).
   It protects you from cold.
   It affects your SH (+4).
 F - the ring of Tiuvaxun (on tentacle) {*Drain rC++ Dex+4 Slay+1}
   (You found it on level 7 of a ziggurat)

   [ring of slaying]

   It affects your dexterity (+4).
   It affects your accuracy and damage with ranged weapons and melee attacks
   (+1).
   It greatly protects you from cold.
   It causes draining when unequipped.
 G - the ring of Lolee (on tentacle) {Str+4 Int+4 SInv Stlth+}
   (You found it on level 21 of a ziggurat)

   [ring of see invisible]

   It affects your strength (+4).
   It affects your intelligence (+4).
   It lets you see invisible.
   It makes you more stealthy.
 I - a ring of the Octopus King {rC+ AC+1 EV+1 Str+1 Int+1 Dex+1}
   (You found it on level 21 of a ziggurat)

   [ring of protection from cold]

   It affects your AC (+1).
   It affects your evasion (+1).
   It affects your strength (+1).
   It affects your intelligence (+1).
   It affects your dexterity (+1).
   It protects you from cold.
 J - the ring of Kyhaup (left tentacle) {Int+6 Dex+3}
   (You found it on level 15 of a ziggurat)

   [ring of dexterity]

   It affects your intelligence (+6).
   It affects your dexterity (+3).
 P - the ring of Zin's Generosity (on tentacle) {rElec MP+9 Str+5 Int+4}
   (You found it on level 20 of a ziggurat)

   [ring of magical power]

   It affects your strength (+5).
   It affects your intelligence (+4).
   It insulates you from electricity.
   It affects your magic capacity (+9).
 Z - the ring "Xaimig" (on tentacle) {MP+9 Int+2 Stlth+}
   (You found it on level 6 of a ziggurat)

   [ring of magical power]

   It affects your intelligence (+2).
   It affects your magic capacity (+9).
   It makes you more stealthy.
Wands
 n - a wand of acid (50)
 q - a wand of clouds (10)
 L - a wand of digging (57)
Scrolls
 d - 22 scrolls of blinking
 i - 14 scrolls of fog
 k - 20 scrolls of remove curse
 l - a scroll of acquirement
 r - 23 scrolls of identify
 u - 6 scrolls of amnesia
 x - 8 scrolls of enchant armour
 y - 48 scrolls of teleportation
 K - 7 scrolls of holy word
 T - a scroll of silence
 Y - 5 scrolls of enchant weapon
Potions
 e - 4 potions of brilliance
 h - 19 potions of curing
 m - 6 potions of magic
 o - 16 potions of mutation
 A - 2 potions of berserk rage
 N - 7 potions of agility
 O - 28 potions of experience
 R - 40 potions of heal wounds
 S - 9 potions of cancellation
 W - 11 potions of haste
Books
 H - a manual of Stealth
 X - a manual of Hexes
Miscellaneous
 Q - 17 phantom mirrors
Comestibles
 c - 38 rations


   Skills:
 * Level 21.9 Fighting
 * Level 14.7 Axes
 - Level 12.0 Staves
 - Level 17.9 Throwing
 + Level 20.6 Dodging
 * Level 17.4 Stealth
 - Level 25.0 Shields
 - Level 26.3 Unarmed Combat
 + Level 24.1 Spellcasting
 * Level 25.6 Conjurations
 - Level 8.0 Hexes
 - Level 5.7 Charms
 - Level 26.0 Summonings
 - Level 6.4 Necromancy
 + Level 25.5 Translocations
 - Level 13.4 Transmutations
 + Level 26.6 Fire Magic
 + Level 25.7 Ice Magic
 + Level 23.2 Air Magic
 - Level 8.4 Earth Magic
 - Level 14.9 Invocations
 - Level 15.4 Evocations


You had 6 spell levels left.
You knew the following spells:

 Your Spells              Type           Power        Failure   Level  Hunger
a - Aura of Abjuration    Summ           #########.   1%          5    None
b - Blink                 Tloc           N/A          1%          2    None
c - Dragon's Call         Summ           #########.   1%          9    None
d - Deflect Missiles      Chrm/Air       ########..   1%          6    None
g - Glaciate              Conj/Ice       #########.   1%          9    None
i - Irradiate             Conj/Tmut      ########..   1%          5    None
n - Ignition              Fire           #########.   1%          8    None
r - Regeneration          Chrm/Necr      #######...   1%          3    None
s - Statue Form           Tmut/Erth      ########.    1%          6    None
t - Tornado               Air            ########..   4%          9    None
y - Invisibility          Hex            ########     3%          6    None

Your spell library contained the following spells:

 Spells                   Type           Power        Failure   Level  Hunger
 Animate Skeleton         Necr           N/A          1%          1    None
 Apportation              Tloc           ######       1%          1    None
 Beastly Appendage        Tmut           ######       1%          1    None
 Confusing Touch          Hex            ######       1%          1    None
 Corona                   Hex            #######      1%          1    None
 Flame Tongue             Conj/Fire      #####        1%          1    None
 Freeze                   Ice            ####         1%          1    None
 Infusion                 Chrm           ####         1%          1    None
 Magic Dart               Conj           ####         1%          1    None
 Pain                     Necr           ####         1%          1    None
 Sandblast                Erth           ######       1%          1    None
 Shock                    Conj/Air       ####         1%          1    None
 Sting                    Conj/Pois      ####         1%          1    None
 Summon Butterflies       Summ           ########     1%          1    None
 Summon Small Mammal      Summ           ####         1%          1    None
 Call Imp                 Summ           ########     1%          2    None
 Corpse Rot               Necr           N/A          1%          2    None
 Ensorcelled Hibernation  Hex/Ice        ######       1%          2    None
 Passwall                 Tmut/Erth      ########     1%          2    None
 Poisonous Vapours        Pois/Air       ######       1%          2    None
 Searing Ray              Conj           ######       1%          2    None
 Shroud of Golubria       Chrm/Tloc      ########..   1%          2    None
 Slow                     Hex            ########     1%          2    None
 Song of Slaying          Chrm           #######.     1%          2    None
 Sticks to Snakes         Tmut           ########     1%          2    None
 Sublimation of Blood     Necr           #######...   1%          2    None
 Swiftness                Chrm/Air       ########     1%          2    None
 Throw Flame              Conj/Fire      ######       1%          2    None
 Throw Frost              Conj/Ice       ######       1%          2    None
 Call Canine Familiar     Summ           ########     1%          3    None
 Confuse                  Hex            ########     1%          3    None
 Conjure Flame            Conj/Fire      ########     1%          3    None
 Dazzling Spray           Conj/Hex       ######       1%          3    None
 Gell's Gravitas          Tloc           #########.   1%          3    None
 Ignite Poison            Fire/Tmut/Pois ########     1%          3    None
 Inner Flame              Hex/Fire       ########     1%          3    None
 Lesser Beckoning         Tloc           #########.   1%          3    None
 Mephitic Cloud           Conj/Pois/Air  ########     1%          3    None
 Ozocubu's Armour         Chrm/Ice       ########     1%          3    None
 Portal Projectile        Hex/Tloc       ######       1%          3    None
 Recall                   Summ/Tloc      N/A          1%          3    None
 Spectral Weapon          Hex/Chrm       #######.     1%          3    None
 Spider Form              Tmut/Pois      #######...   1%          3    None
 Static Discharge         Conj/Air       ########     1%          3    None
 Stone Arrow              Conj/Erth      ######       1%          3    None
 Summon Guardian Golem    Hex/Summ       ########     1%          3    None
 Teleport Other           Tloc           ########     1%          3    None
 Tukima's Dance           Hex            ########     1%          3    None
 Vampiric Draining        Necr           #######...   1%          3    None
 Airstrike                Air            ########..   1%          4    None
 Animate Dead             Necr           N/A          1%          4    None
 Cause Fear               Hex            ########..   1%          4    None
 Force Lance              Conj/Tloc      ########     1%          4    None
 Fulminant Prism          Conj/Hex       ########..   1%          4    None
 Ice Form                 Ice/Tmut       ########     1%          4    None
 Iskenderun's Mystic Bla  Conj           ########     1%          4    None
 Leda's Liquefaction      Hex/Erth       ########..   1%          4    None
 Passage of Golubria      Tloc           N/A          1%          4    None
 Petrify                  Tmut/Erth      ########     1%          4    None
 Sticky Flame             Conj/Fire      ########     1%          4    None
 Summon Ice Beast         Ice/Summ       ########     1%          4    None
 Summon Lightning Spire   Summ/Air       ########     1%          4    None
 Throw Icicle             Conj/Ice       ########     1%          4    None
 Agony                    Necr           #######.     1%          5    None
 Alistair's Intoxication  Tmut/Pois      #######.     1%          5    None
 Blade Hands              Tmut           ########..   1%          5    None
 Bolt of Draining         Conj/Necr      ########..   1%          5    None
 Bolt of Magma            Conj/Fire/Erth ########..   1%          5    None
 Borgnjor's Vile Clutch   Necr/Erth      ########..   1%          5    None
 Dispel Undead            Necr           #######.     1%          5    None
 Excruciating Wounds      Chrm/Necr      #######...   1%          5    None
 Fireball                 Conj/Fire      #########.   1%          5    None
 Iskenderun's Battlesphe  Conj/Chrm      ########     1%          5    None
 Lee's Rapid Deconstruct  Erth           ########..   1%          5    None
 Lightning Bolt           Conj/Air       ########..   1%          5    None
 Metabolic Englaciation   Hex/Ice        ########..   1%          5    None
 Silence                  Hex/Air        ########..   1%          5    None
 Summon Demon             Summ           #########.   1%          5    None
 Summon Forest            Summ/Tloc      #########.   1%          5    None
 Summon Mana Viper        Hex/Summ       ########     1%          5    None
 Venom Bolt               Conj/Pois      ########..   1%          5    None
 Yara's Violent Unravell  Hex/Tmut       ########..   1%          5    None
 Bolt of Cold             Conj/Ice       #########.   1%          6    None
 Bolt of Fire             Conj/Fire      #########.   1%          6    None
 Conjure Ball Lightning   Conj/Air       ########..   1%          6    None
 Dispersal                Tloc           #########.   1%          6    None
 Freezing Cloud           Conj/Ice/Air   #########.   1%          6    None
 Hydra Form               Tmut           ########..   1%          6    None
 Iron Shot                Conj/Erth      ########..   1%          6    None
 Ozocubu's Refrigeration  Ice            #########.   1%          6    None
 Poison Arrow             Conj/Pois      ########..   1%          6    None
 Shadow Creatures         Summ           N/A          1%          6    None
 Simulacrum               Ice/Necr       ########..   1%          6    None
 Darkness                 Hex            ########..   3%          6    None
 Olgreb's Toxic Radiance  Pois           ######..     5%          4    None
 Death Channel            Necr           #######...   5%          6    None
 Haunt                    Necr/Summ      ########..   1%          7    None
 Malign Gateway           Summ/Tloc      #########.   1%          7    None
 Monstrous Menagerie      Summ           #########.   1%          7    None
 Orb of Destruction       Conj           #########.   1%          7    None
 Ring of Flames           Chrm/Fire      ########..   1%          7    None
 Spellforged Servitor     Conj/Summ      #########.   1%          7    None
 Summon Greater Demon     Summ           #########.   1%          7    None
 Summon Hydra             Summ           #########.   1%          7    None
 Chain Lightning          Conj/Air       ########..   1%          8    None
 Disjunction              Tloc           #########.   1%          8    None
 Summon Horrible Things   Summ           #########.   1%          8    None
 Fire Storm               Conj/Fire      #########.   1%          9    None
 Dragon Form              Tmut           ########..   2%          7    None
 Lehudib's Crystal Spear  Conj/Erth      ########..   3%          8    None
 Necromutation            Tmut/Necr      ########..   43%         8    None
 Discord                  Hex            ########..   69%         8    None
 Borgnjor's Revivificati  Necr           #######...   87%         8    None
 Infestation              Necr           #######...   87%         8    None
 Death's Door             Chrm/Necr      #######...   90%         8    None
 Shatter                  Erth           ########..   100%        9    None


Dungeon Overview and Level Annotations

Branches:
Dungeon (15/15)            Temple (1/1) D:5            Lair (6/6) D:10
  Swamp (4/4) Lair:3       Spider (4/4) Lair:3        Slime (5/5) Lair:6
    Orc (2/2) D:10            Elf (3/3) Orc:2        Vaults (5/5) D:14
  Crypt (3/3) Vaults:3       Tomb (3/3) Crypt:3      Depths (5/5) D:15
   Hell (1/1)                 Dis (7/7) Hell            Geh (7/7) Hell
    Coc (7/7) Hell            Tar (7/7) Hell            Zot (4/5) Depths:5

Altars:
Ashenzari
Cheibriados
Dithmenos
Elyvilon
Fedhas
Gozag
Hepliaklqana
Kikubaaqudgha
Makhleb
Nemelex Xobeh
Okawaru
Qazlal
Ru
Sif Muna
Trog
Uskayaw
Vehumet
Wu Jian
Xom
Yredelemnul
Zin
The Shining One
Beogh
Jiyva

Shops:
D:6 %   Orc:2 ([=*   Vaults:1 *   Vaults:4 (:*::   Vaults:5 ==   Depths:2 }=}

Portals:
Hell: Lair:6 Depths:1 Depths:2 Depths:3 Depths:4 Depths:5
Abyss: Depths:1 Depths:4
Pandemonium: Depths:3


Innate Abilities, Weirdness & Mutations

You cannot wear most types of armour.
You are very stealthy in the water. (Stealth+)
You are amphibious.
You can wear up to eight rings at the same time.
You can use your tentacles to constrict eight enemies at once.
Your skin changes colour to match your surroundings (Stealth+).
Your rubbery body absorbs attacks. (AC +1, EV +1)
One of your tentacles bears a spike.
You are partially covered in icy blue scales. (AC +2)
You are partially covered in thin metallic scales. (AC +2)
You are covered in fur. (AC +1)
Your spells are a little harder to cast, but a little more powerful.


Message History

The black draconian scorcher hits you with a long sword.
* * * LOW HITPOINT WARNING * * *
The white draconian completely misses you.
The red draconian stormcaller hits you with a vampiric long sword!
* * * LOW HITPOINT WARNING * * *
The white draconian shifter blinks!
The black draconian knight gestures wildly while chanting.
The black draconian knight flickers and vanishes for a moment.
The yellow draconian stormcaller mumbles some strange prayers to Qazlal against Qazlal smites you!
* * * LOW HITPOINT WARNING * * *
The red draconian knight is struck by lightning.
The red draconian knight casts a spell at you.
You deflect the shard of ice!
The shard of ice misses the black draconian scorcher.
The purple draconian knight mumbles some strange words.
The purple draconian knight flickers and vanishes for a moment.
The purple draconian monk completely misses you.
The purple draconian monk kicks you!
You die...

▓▓...........
▓▓..q.........
▓▓.......q.d.q.
▓▓..........qq..
▓▓........dqqqq§.
▓▓...............q
▓▓........qqq..qq.q
▓▓.........q@qqq.q.q
▓.∩........dqq..qqd.
▓▓............q.....
▓▓...............q.
▓▓............qq.d
▓▓.............q.
▓▓..............
▓▓............d
▓▓.........


You could see 4 draconians, 7 draconians, a yellow draconian, a green draconian,
a purple draconian, 3 draconians, 6 draconians, 3 draconians, 5 draconians and 6
draconians.

Vanquished Creatures
  Antaeus (Coc:7)
  Asmodeus (Geh:7)
  Dissolution (Slime:5)
  the Royal Jelly (Slime:5)
  Ereshkigal (Tar:7)
  Dispater (Dis:7)
  Khufu (Tomb:1)
  28 ancient liches
  10 juggernauts
  30 greater mummies
  Sojobo (Depths:1)
  the Lernaean hydra (Swamp:4)
  19 shard shrikes
  Frederick (Depths:5)
  20 Killer Klowns
  2 curse toes
  6 caustic shrikes
  The ghost of Ciexkom the Sorcerer, a veteran DEHu of Kikubaaqudgha (Depths:1)
  9 profane servitors
  Geryon (Hell)
  39 golden dragons
  40 bone dragons
  Jory (Tar:2)
  29 Tzitzimimeh
  32 pandemonium lords
  7 iron giants
  28 Brimstone Fiends
  8 doom hounds
  16 electric golems
  2 hellephants (Abyss:4)
  20 Ice Fiends
  23 tentacled monstrosities
  26 Hell Sentinels
  Rupert (D:14)
  10 deep elf blademasters
  35 liches
  14 titans
  52 acid blobs
  5 deep elf master archers
  14 sphinxes
  18 quicksilver dragons
  37 ancient champions
  74 tentacled starspawn
  11 Executioners
  7 death cobs
  Agnes (Elf:1)
  9 tengu reavers
  2 eldritch tentacles
  A sphinx (shapeshifter) (Zig:26)
  27 shadow dragons
  38 revenants
  24 storm dragons
  2 azure jellies (shapeshifter)
  5 thorn hunters
  21 draconian monks
  39 nagarajas
  An iron dragon (shapeshifter) (Zig:26)
  17 azure jellies
  4 daevas
  A frost giant (shapeshifter) (Zig:15)
  3 imperial myrmidons (Desolation)
  15 frost giants
  17 draconian knights
  25 ghost moths
  The ghost of Shimizu the Spry, an adept MfIE of Hepliaklqana (D:14)
  11 deep elf sorcerers
  19 draconian scorchers
  18 fire giants
  21 iron dragons
  9 corrupters
  24 orc warlords
  10 caustic shrike zombies
  25 draconian shifters
  10 vault wardens
  9 warmongers
  11 cacodemons
  10 ghouls
  11 emperor scorpions
  2 angels
  31 curse skulls
  31 balrugs
  8 black suns
  25 draconian stormcallers
  117 reapers
  8 juggernaut zombies
  3 spriggan defenders
  18 draconian annihilators
  5 elemental wellsprings
  64 very ugly things
  7 deep elf elementalists
  An entropy weaver (shapeshifter) (Vaults:5)
  10 caustic shrike skeletons
  16 ironheart preservers
  A stone giant (shapeshifter) (Zig:26)
  23 entropy weavers
  7 blood saints
  17 deep elf demonologists
  29 war gargoyles
  35 stone giants
  An ophan (Abyss:2)
  10 bennus (Tomb:3)
  14 green draconians
  10 juggernaut skeletons
  367 starcursed masses
  Azrael (Elf:1)
  A green draconian (shapeshifter) (Zig:11)
  12 spark wasps
  The ghost of Pemoos the Thaumaturge, a journeyman DEFE of Vehumet (Spider:4)
  47 vampire knights
  2 minotaurs
  A dire elephant (Lair:6)
  20 black draconians
  12 deep elf annihilators
  14 yellow draconians
  15 lorocyprocas
  18 purple draconians
  3 halazid warlocks (Desolation)
  28 deep elf death magi
  26 red draconians
  18 white draconians
  A dire elephant (shapeshifter) (Zig:26)
  38 eidola
  13 merfolk javelineers
  21 ettins
  54 blizzard demons
  18 fire dragons
  25 green deaths
  Josephine (Orc:2)
  4 merfolk impalers
  12 death oozes
  10 deep elf high priests
  3 crystal guardians
  31 great orbs of eyes
  24 mummy priests
  12 quicksilver dragon zombies
  28 jiangshi
  14 yaktaur captains
  A great orb of eyes (shapeshifter) (Vaults:5)
  Fannar (Orc:1)
  32 ogre magi
  13 ragged hierophants (Desolation)
  A kraken zombie (Hell)
  8 hell beasts
  12 peacekeepers (Desolation)
  31 vault guards
  5 quicksilver dragon skeletons
  11 naga warriors
  8 servants of whispers (Desolation)
  40 ice dragons
  Harold (Orc:1)
  20 rakshasas
  A spectral shadow dragon (Tar:2)
  4 spriggan air magi
  42 hydras
  An alligator snapping turtle (shapeshifter) (Vaults:5)
  10 ghost crabs
  An anaconda (shapeshifter) (Depths:4)
  10 merfolk aquamancers
  8 centaur warriors
  An ice dragon (shapeshifter) (Zig:15)
  A merfolk avatar (Zig:15)
  12 anacondas
  2 catoblepae
  A catoblepas (shapeshifter) (Zig:26)
  An alligator snapping turtle (Zig:13)
  23 alligators
  30 dancing weapons
  4 death knights
  6 tengu warriors
  4 death yaks
  3 satyrs
  47 vampire magi
  77 two-headed ogres
  15 death scarabs
  10 deep troll shamans
  23 orc high priests
  A queen ant (shapeshifter) (D:14)
  A death yak (shapeshifter) (Zig:26)
  21 titan zombies
  34 hell hogs
  A spriggan berserker (Depths:5)
  18 shock serpents
  9 deep troll earth magi
  12 naga sharpshooters
  24 deep elf knights
  95 thrashing horrors
  A shock serpent (shapeshifter) (Zig:15)
  34 soul eaters
  11 titan skeletons
  55 hell knights
  13 storm dragon zombies
  Nergalle (D:10)
  24 iron trolls
  30 sun demons
  8 salamander mystics
  10 iron golems
  33 shadow wraiths
  96 skeletal warriors
  19 spatial maelstroms
  25 death drakes
  2 fire crabs (Abyss:2)
  14 anaconda zombies
  39 flayed ghosts
  71 wretched stars
  20 sixfirhies
  33 deep trolls
  An iron giant zombie (Crypt:3)
  3 spark wasp zombies
  A death drake (shapeshifter) (Zig:17)
  A sea snake (shapeshifter) (Zig:5)
  6 storm dragon skeletons
  A quicksilver dragon simulacrum (Zig:9)
  A ghost moth zombie (Coc:3)
  11 shadow dragon zombies
  9 sea snakes
  15 shambling mangroves
  An obsidian statue (Zig:17)
  7 unseen horrors
  5 naga ritualists
  37 swamp dragons
  9 golden dragon skeletons
  13 glowing orange brains
  2 deep trolls (shapeshifter)
  32 shadow demons
  2 spectral wolf spiders (Crypt:3)
  17 wizards
  16 golden dragon zombies
  45 phantasmal warriors
  A swamp dragon (shapeshifter) (Zig:11)
  4 spriggan druids
  32 necromancers
  A lindwurm (Lair:3)
  8 tengu zombies
  12 deep elf archers
  6 wolf spider zombies
  30 orb spiders
  22 orc knights
  12 harpies
  5 anaconda skeletons
  20 ironbrand convokers
  A harpy (shapeshifter) (Vaults:2)
  7 stone giant zombies
  65 ugly things
  5 oklob plants (Zig:15)
  5 iron dragon zombies
  2 mana vipers (shapeshifter)
  26 orc sorcerers
  49 wolf spiders
  7 mana vipers
  6 manticores
  12 frost giant zombies
  6 sphinx zombies
  7 shining eyes
  23 worldbinders
  51 deep elf magi
  12 shadow dragon skeletons
  16 cyclopes
  10 fauns
  2 cyclopes (shapeshifter)
  6 tengu skeletons
  11 fire giant zombies
  10 stone giant skeletons
  3 sphinx skeletons
  43 moths of wrath
  5 centaur zombies
  12 eyes of devastation
  A moth of wrath (shapeshifter) (Zig:15)
  5 merfolk sirens (Zig:15)
  8 frost giant skeletons
  10 iron dragon skeletons
  12 salamanders
  16 water nymphs
  34 black mambas
  12 elephants
  An elephant (shapeshifter) (Zig:5)
  9 dire elephant zombies
  19 guardian serpents
  50 rust devils
  9 fire giant skeletons
  A shock serpent zombie (Geh:1)
  23 naga magi
  A guardian serpent (shapeshifter) (Zig:21)
  5 ice statues
  25 apocalypse crabs
  An elephant slug zombie (Crypt:3)
  11 molten gargoyles
  22 spiny frogs
  18 orange demons
  14 vault sentinels
  6 spriggan skeletons
  8 gargoyles
  58 smoke demons
  2 torpor snails
  2 shock serpent skeletons
  42 hellions
  An emperor scorpion zombie (Crypt:3)
  10 spectral swamp worms (Tar:7)
  43 yaktaurs
  2 catoblepas zombies
  65 freezing wraiths
  9 kobold demonologists
  A dire elephant skeleton (Tar:7)
  16 efreet
  23 demonic crawlers
  A yaktaur (shapeshifter) (Zig:15)
  A spark wasp simulacrum (Zig:13)
  18 rime drakes
  74 tormentors
  52 ice devils
  10 komodo dragons
  A golden dragon simulacrum (Zig:21)
  15 hellwings
  A komodo dragon (shapeshifter) (Zig:17)
  15 hydra zombies
  59 guardian mummies
  A yaktaur skeleton (Vaults:5)
  5 silent spectres
  43 red devils
  6 harpy zombies
  A queen bee (Lair:5)
  65 ancient zymes
  3 anaconda simulacra
  An iron troll skeleton (Crypt:1)
  A death drake zombie (Crypt:2)
  A spectral harpy (Crypt:3)
  16 polar bears
  4 tengu conjurers
  41 jumping spiders
  A queen bee (shapeshifter) (Vaults:3)
  2 merfolk (shapeshifter)
  10 wind drakes
  52 hornets
  3 meliai (Lair:5)
  2 meliai (shapeshifter)
  17 tyrant leeches
  A tengu simulacrum (Zig:13)
  A wind drake (shapeshifter) (Zig:3)
  2 polar bears (shapeshifter)
  17 trolls
  A raiju (shapeshifter) (Abyss:4)
  2 sphinx simulacra
  82 saltlings (Desolation)
  29 merfolk
  183 slime creatures
  A hornet (shapeshifter) (Vaults:5)
  A meliai zombie (D:14)
  21 blink frogs
  A blink frog (shapeshifter) (Depths:1)
  7 fire dragon zombies
  3 fire giant simulacra
  A dream sheep (shapeshifter) (Zig:17)
  3 ice dragon zombies
  9 ettin zombies
  A frost giant simulacrum (Depths:1)
  13 hippogriffs
  6 hydra skeletons
  A snapping turtle (shapeshifter) (Zig:15)
  2 snapping turtles
  8 alligator zombies
  11 spriggan zombies
  A stone giant simulacrum (Vaults:2)
  80 raiju
  18 bog bodies
  28 elf zombies
  8 air elementals
  8 ettin skeletons
  180 flying skulls
  3 black mamba zombies
  A deep troll skeleton (D:15)
  37 shadows
  35 tarantellas
  A tarantella (shapeshifter) (Zig:11)
  7 spriggans
  2 alligator skeletons
  5 vampires
  73 redbacks
  59 wraiths
  5 fire dragon skeletons
  5 ice dragon skeletons
  3 redbacks (shapeshifter)
  A spriggan (shapeshifter) (Depths:2)
  3 wyverns
  39 ynoxinuls
  A dire elephant simulacrum (Abyss:1)
  41 fire elementals
  A black mamba skeleton (Coc:3)
  160 large abominations
  17 water elementals
  73 yaks
  11 ushabtiu
  A tyrant leech zombie (Swamp:2)
  5 fire bats
  A basilisk (shapeshifter) (Abyss:4)
  A catoblepas simulacrum (Abyss:2)
  4 basilisks
  23 golden eyes
  11 hungry ghosts
  35 neqoxecs
  9 steam dragons
  A yaktaur simulacrum (Vaults:3)
  21 vampire mosquitoes
  20 elf skeletons
  34 chaos spawn
  18 wargs
  18 insubstantial wisps
  A spectral spiny frog (Crypt:3)
  17 acid dragons
  18 nagas
  27 spatial vortices
  A swamp worm (shapeshifter) (Zig:26)
  A merfolk zombie (Zig:21)
  3 hydra simulacra
  A soldier ant (shapeshifter) (Zig:22)
  15 swamp worms
  A torturous demonspawn zombie (Dis:6)
  A torturous demonspawn skeleton (Crypt:2)
  9 spiny frog zombies
  A floating eye (shapeshifter) (Zig:26)
  13 porcupines
  18 water moccasins
  3 floating eyes
  76 hell hounds
  24 swamp drakes
  83 orc warriors
  2 manticore zombies
  8 spiny frog skeletons
  2 ettin simulacra
  20 eyes of draining
  2 fire dragon simulacra
  An alligator simulacrum (Crypt:3)
  10 sky beasts
  20 ice beasts
  An ogre (shapeshifter) (Zig:26)
  3 black bears
  3 snapping turtle zombies
  39 necrophages
  7 phantoms
  99 small abominations
  4 swamp dragon zombies
  73 ogres
  27 wolves
  A hog zombie (Crypt:3)
  A boggart (Depths:1)
  22 centaurs
  7 snapping turtle skeletons
  2 manticore skeletons
  20 crocodiles
  2 swamp dragon skeletons
  3 yaktaur zombies
  10 big kobolds
  Blork the orc (Orc:2)
  12 bullfrogs
  A deep troll simulacrum (Vaults:4)
  16 earth elementals
  2 spiny frog simulacra
  6 scorpions
  2 troll zombies
  A polar bear zombie (Crypt:3)
  A swamp dragon simulacrum (Crypt:1)
  A cyclops skeleton (Crypt:2)
  39 killer bees
  3 troll skeletons
  10 jellies
  48 wights
  A polar bear skeleton (Crypt:3)
  7 electric eels
  5 howler monkeys
  22 crimson imps
  5 human zombies
  15 quasits
  A human simulacrum (Vaults:1)
  3 hounds
  A bullfrog zombie (D:13)
  2 centaur skeletons
  28 orc priests
  2 bullfrog skeletons
  2 iguanas (D:6)
  51 iron imps
  A black bear skeleton (Crypt:1)
  9 hell rats (Hell)
  Natasha (thrice) (D:2)
  44 orc wizards
  13 worker ants
  7 lightning spires
  A killer bee zombie (Crypt:1)
  A crocodile zombie (Swamp:2)
  A big kobold zombie (Crypt:1)
  A naga zombie (Geh:3)
  A hound zombie (D:9)
  64 mummies
  2 hound skeletons
  2 worker ant zombies
  23 adders
  3 gnolls
  16 shadow imps
  49 white imps
  6 ufetubi
  2 oozes
  4 adder zombies
  An iguana zombie (Crypt:2)
  A worm zombie (Crypt:1)
  2 adder skeletons
  3 dart slugs
  3 leopard geckos
  87 orcs
  11 giant cockroaches
  5 goblins
  8 hobgoblins
  24 jackals
  48 kobolds
  3 quokkas
  A ball python (D:2)
  5 bats
  A dart slug zombie (Crypt:1)
  6 frilled lizards
  A gnoll skeleton (Crypt:3)
  A goblin zombie (Ossuary)
  8 hobgoblin zombies (Ossuary)
  A kobold simulacrum (Abyss:3)
  14 kobold zombies
  An orc skeleton (Abyss:4)
  10 orc zombies
  3 quokka skeletons
  5 rats
  2 rat zombies (Ossuary)
  23 blocks of ice
  42 briar patches
  A bush (Abyss:4)
  11 crawling corpses
  A fire vortex (Geh:4)
  2 fulminant prisms
  5 fungi
  A lurking horror (Abyss:1)
  13 plants
  60 starspawn tentacles
  2 tentacles (Hell)
8871 creatures vanquished.

Vanquished Creatures (collateral kills)
  An ancient lich (Vaults:5)
  3 golden dragons (Zig:25)
  2 Tzitzimimeh
  A bone dragon (Zig:24)
  An electric golem (Zot:3)
  A Brimstone Fiend (Zig:26)
  A quicksilver dragon (Zot:2)
  An acid blob (Slime:5)
  2 sphinxes (Tomb:1)
  A death cob (Zot:2)
  2 shadow dragons
  2 storm dragons (Zot:4)
  A draconian monk (Zot:3)
  2 draconian knights
  5 iron dragons
  A fire giant (Vaults:5)
  A vault warden (Vaults:5)
  A frost giant (Coc:7)
  A ghost moth (Zot:4)
  3 draconian shifters
  A draconian stormcaller (Zig:23)
  3 draconian annihilators
  2 balrugs (Zig:26)
  2 draconian scorchers
  6 green draconians
  A black draconian (Zig:23)
  A red draconian (Zig:23)
  3 yellow draconians
  An ettin (Vaults:5)
  3 fire dragons (Zig:25)
  A jiangshi (Zig:24)
  A yaktaur captain (Vaults:5)
  3 ice dragons
  A vault guard (Vaults:5)
  A rakshasa (Zig:26)
  2 hydras
  2 two-headed ogres
  A spatial maelstrom (Zig:22)
  A flayed ghost (Vaults:5)
  A shadow demon (Zig:26)
  A tengu zombie (Vaults:5)
  2 shadow dragon skeletons (Zig:22)
  A shining eye (Slime:3)
  An orb spider (Spider:2)
  A wolf spider (Lair:4)
  A freezing wraith (Coc:7)
  2 rime drakes
  A spiny frog (Lair:3)
  An efreet (Zig:22)
  A jumping spider (Spider:2)
  2 raiju
  A flying skull (Tomb:1)
  2 redbacks (Spider:3)
  A wyvern (D:10)
  2 yaks (D:9)
  A basilisk (Lair:5)
  6 steam dragons
  A porcupine (Lair:3)
  3 swamp drakes
  2 orc warriors
  A starcursed mass (Zig:23)
  A wolf (Lair:2)
  An ogre (D:9)
  A small abomination (Zig:23)
  4 killer bees (Lair:5)
  An electric eel (Lair:3)
  A human zombie (Ossuary)
  A big kobold zombie (Ossuary)
  2 mummies
  A gnoll (D:1)
  A dart slug (D:2)
  3 orcs
  A jackal (D:2)
  2 plants
124 creatures vanquished.

Vanquished Creatures (others)
  A Killer Klown (Zig:15)
  Arachne (Spider:2)
  A tentacled monstrosity (Zig:18)
  3 deep elf master archers
  A quicksilver dragon (Zig:25)
  An eldritch tentacle (Coc:6)
  2 draconian knights
  A fire giant (Vaults:5)
  A vault warden (Vaults:1)
  A reaper (Zig:22)
  A very ugly thing (Zig:15)
  2 stone giants
  A lorocyproca (Zig:26)
  A black sun (Zig:26)
  A deep elf annihilator (Elf:3)
  A merfolk impaler (Zig:15)
  A rakshasa (Abyss:1)
  2 yaktaur captains
  2 ice dragons
  A merfolk aquamancer (Zig:13)
  3 hydras
  A centaur warrior (D:15)
  2 anacondas (Zig:18)
  A two-headed ogre (Depths:4)
  A dancing weapon (Elf:2)
  22 death scarabs (Tomb:2)
  An ogre mage (Depths:3)
  A thrashing horror (Abyss:4)
  A soul eater (Hell)
  A shadow wraith (Zig:24)
  A wretched star (Zig:23)
  7 deep elf archers
  2 deep elf magi
  A manticore (Zig:13)
  2 cyclopes (Depths:4)
  An apocalypse crab (Zig:15)
  3 black mambas (Zig:19)
  2 spiny frogs (Zig:18)
  A rime drake (Zig:21)
  13 yaktaurs
  2 guardian mummies
  A yaktaur (shapeshifter) (Vaults:5)
  A polar bear (IceCv)
  A tyrant leech (Swamp:2)
  A merfolk (Zig:13)
  A saltling (Desolation)
  A slime creature (Slime:2)
  2 bog bodies (Coc:7)
  A blink frog (Zig:18)
  3 raiju
  A flying skull (Tomb:3)
  2 water elementals
  A wraith (Geh:2)
  An ushabti (Tomb:1)
  2 vampires
  A fire elemental (Zig:22)
  A golden eye (Abyss:4)
  A neqoxec (Abyss:4)
  A yak (IceCv)
  A chaos spawn (Abyss:4)
  2 large abominations
  A spatial vortex (Abyss:4)
  A hell hound (Hell)
  6 swamp drakes
  A sky beast (Abyss:4)
  8 small abominations
  7 wolves (IceCv)
  An ogre (Vaults:5)
  A fire dragon simulacrum (Abyss:4)
  2 centaurs
  A killer bee (Lair:5)
  An orc wizard (D:12)
  A human skeleton (Tomb:2)
  2 hell rats (Hell)
  2 mummies
  A shadow imp (Tar:7)
  2 white imps (Zig:21)
  An ufetubus (Abyss:4)
  2 ball lightnings
  4 orcs
  An orc skeleton (Geh:4)
  44 blocks of ice
  6 briar patches
  8 bushes (Zig:21)
  68 fulminant prisms
  22 fungi
  7 lurking horrors
  A pillar of salt (Vaults:2)
  30 plants
  142 starspawn tentacles
  4 tentacles (Hell)
  2 withered plants (D:15)
501 creatures vanquished.

Grand Total: 9496 creatures vanquished

Notes
Turn   | Place    | Note
-------+----------+-------------------------------------------
     0 | D:1      | erker the Octopode Transmuter began the quest for the Orb.
     0 | D:1      | Reached XP level 1. HP: 13/13 MP: 3/3
   255 | D:1      | Reached XP level 2. HP: 18/18 MP: 5/5
   259 | D:1      | Learned a level 2 spell: Sticks to Snakes
   402 | D:1      | Reached XP level 3. HP: 10/23 MP: 4/6
  1062 | D:2      | Noticed Natasha
  1403 | D:2      | Killed Natasha
  1403 | D:2      | Reached XP level 4. HP: 20/28 MP: 4/8
  1419 | D:2      | Learned a level 4 spell: Ice Form
  1479 | D:2      | Found an opulent altar of Gozag.
  1540 | D:2      | You fall through a shaft for 2 floors!
  1832 | D:4      | Noticed an ogre
  1866 | D:4      | Killed an ogre
  1866 | D:4      | Reached skill level 1 in Ice Magic
  1866 | D:4      | Reached XP level 5. HP: 33/33 MP: 1/9
  1890 | D:4      | Found a sand-covered staircase.
  1897 | Ossuary  | Entered an ossuary
  2352 | Ossuary  | Reached XP level 6. HP: 11/38 MP: 0/10
  2844 | D:2      | Noticed Natasha
  2845 | D:2      | Found a basalt altar of Yredelemnul.
  2859 | D:2      | Killed Natasha
  2869 | D:2      | Found a white marble altar of Elyvilon.
  2885 | D:2      | Found a glowing golden altar of the Shining One.
  2936 | D:2      | Noticed Natasha
  2946 | D:2      | Killed Natasha
  3244 | D:2      | Reached skill level 5 in Transmutations
  3390 | D:2      | Found a hazy altar of Hepliaklqana.
  3809 | D:3      | Reached XP level 7. HP: 25/43 MP: 11/11
  4834 | D:5      | Entered Level 5 of the Dungeon
  4841 | D:5      | Reached skill level 1 in Stealth
  4957 | D:5      | Found a staircase to the Ecumenical Temple.
  4986 | D:5      | Reached XP level 8. HP: 40/48 MP: 13/13
  5221 | D:6      | Found an ornate altar of the Wu Jian Council.
  5329 | Temple   | Entered the Ecumenical Temple
  5383 | Temple   | Became a worshipper of Cheibriados the Contemplative
  5693 | D:5      | Reached skill level 5 in Ice Magic
  5734 | D:5      | Reached * piety under Cheibriados
  5804 | D:5      | Reached skill level 5 in Unarmed Combat
  5895 | D:5      | Reached ** piety under Cheibriados
  6143 | D:5      | Found a glowing golden altar of the Shining One.
  6160 | D:5      | Reached XP level 9. HP: 35/54 MP: 15/15
  6434 | D:6      | Reached skill level 1 in Shields
  6736 | D:6      | Found Muxaliwu's Food Shoppe.
  7240 | D:7      | Found a shadowy altar of Dithmenos.
  7358 | D:7      | Reached *** piety under Cheibriados
  7572 | D:7      | Reached skill level 1 in Invocations
  7660 | D:8      | Noticed a two-headed ogre
  7673 | D:8      | Killed a two-headed ogre
  7673 | D:8      | Reached XP level 10. HP: 41/61 MP: 17/17
  7707 | D:8      | Found a radiant altar of Vehumet.
  8269 | D:9      | Reached **** piety under Cheibriados
  8269 | D:9      | Reached skill level 5 in Spellcasting
  8934 | D:9      | Noticed a two-headed ogre
  8947 | D:9      | Killed a two-headed ogre
  9141 | D:9      | Reached skill level 5 in Stealth
  9550 | D:9      | Reached XP level 11. HP: 66/66 MP: 19/19
  9754 | D:10     | Entered Level 10 of the Dungeon
  9754 | D:10     | Found a transporter.
  9787 | D:10     | Noticed a two-headed ogre
  9805 | D:10     | Killed a two-headed ogre
  9805 | D:10     | Reached skill level 5 in Dodging
  9966 | D:10     | Found a staircase to the Orcish Mines.
  9986 | D:10     | Noticed Nergalle
 10012 | D:10     | Reached skill level 5 in Invocations
 10061 | D:10     | Found a staircase to the Lair.
 10070 | D:10     | Reached ***** piety under Cheibriados
 10103 | Lair:1   | Entered Level 1 of the Lair of Beasts
 10155 | D:10     | Killed Nergalle
 10233 | D:10     | Found a transporter.
 10240 | D:10     | Learned a level 1 spell: Confusing Touch
 10542 | D:10     | Reached skill level 1 in Hexes
 11646 | Lair:2   | Identified Watti's Volume of the Fetching Voyage
 11906 | Lair:2   | Reached XP level 12. HP: 61/75 MP: 21/21
 12285 | Lair:2   | Learned a level 3 spell: Regeneration
 12363 | Lair:3   | Noticed an eight-headed hydra
 12379 | Lair:3   | Killed an eight-headed hydra
 12379 | Lair:3   | Reached skill level 5 in Fighting
 12499 | Lair:3   | Found a staircase to the Swamp.
 12580 | Lair:3   | Found a hole to the Spider Nest.
 12618 | Lair:3   | Reached skill level 1 in Necromancy
 12642 | Lair:3   | Reached skill level 1 in Charms
 13106 | Lair:3   | Reached ****** piety under Cheibriados
 13168 | Lair:3   | Noticed a four-headed hydra
 13178 | Lair:3   | Learned a level 4 spell: Fulminant Prism
 13190 | Lair:3   | Killed a four-headed hydra
 13238 | Lair:3   | Reached skill level 10 in Transmutations
 13984 | Lair:4   | Reached skill level 1 in Conjurations
 14058 | Lair:4   | Identified a scroll of acquirement
 14297 | Lair:4   | Noticed a five-headed hydra
 14308 | Lair:4   | Killed a five-headed hydra
 14308 | Lair:4   | Reached XP level 13. HP: 82/82 MP: 10/24
 14446 | Lair:5   | Found a frozen archway.
 14473 | IceCv    | Entered an ice cave
 15482 | IceCv    | Noticed a white draconian
 15508 | IceCv    | Killed a white draconian
 15618 | IceCv    | Identified Wisiviaxko's Tome of Toxic Talismans
 15757 | Lair:5   | Learned a level 6 spell: Statue Form
 15796 | Lair:5   | Reached skill level 1 in Earth Magic
 16372 | Lair:5   | Reached XP level 14. HP: 89/89 MP: 25/25
 16798 | Orc:1    | Entered Level 1 of the Orcish Mines
 16806 | Orc:1    | Noticed Harold
 16814 | Orc:1    | Killed Harold
 16884 | Orc:1    | Noticed Fannar
 16896 | Orc:1    | Killed Fannar
 16981 | Orc:1    | Reached skill level 5 in Shields
 17249 | Orc:2    | Entered Level 2 of the Orcish Mines
 17249 | Orc:2    | Found a staircase to the Elven Halls.
 17283 | Orc:1    | Learned a level 5 spell: Irradiate
 17500 | Orc:2    | Noticed an orc warlord
 17509 | Orc:2    | Noticed Blork the orc
 17512 | Orc:2    | Killed an orc warlord
 17512 | Orc:2    | Paralysed by an orc sorcerer for 4 turns
 17517 | Orc:2    | Killed Blork the orc
 17554 | Orc:2    | Found a roughly hewn altar of Beogh.
 17588 | Orc:2    | Found Cekkox's Jewellery Shop.
 17592 | Orc:2    | Found Jyot's Antique Weapon Shop.
 17632 | Orc:2    | Found Uzeiler's General Store.
 17641 | Orc:2    | Bought a scroll of silence for 97 gold pieces
 17641 | Orc:2    | Bought 8 curare-tipped needles for 62 gold pieces
 17650 | Orc:2    | Found Putottob's Antique Armour Shop.
 17930 | Orc:2    | Noticed Josephine
 17938 | Orc:2    | Killed Josephine
 18096 | Spider:1 | Entered Level 1 of the Spider Nest
 18368 | Spider:1 | Noticed an entropy weaver
 18550 | Spider:1 | Reached skill level 10 in Shields
 18794 | Spider:2 | Reached XP level 15. HP: 54/94 MP: 15/27
 18795 | Spider:2 | Noticed a ghost moth
 18798 | Spider:2 | Killed a ghost moth
 19028 | Spider:2 | Noticed an emperor scorpion
 19039 | Spider:2 | Killed an emperor scorpion
 19487 | Spider:2 | Noticed Arachne
 19629 | Spider:2 | Killed Arachne
 19629 | Spider:2 | Reached skill level 5 in Earth Magic
 20061 | Spider:3 | Noticed an emperor scorpion
 20083 | Spider:3 | Killed an emperor scorpion
 20804 | Swamp:1  | Entered Level 1 of the Swamp
 20815 | Swamp:1  | Reached skill level 10 in Unarmed Combat
 21464 | Swamp:2  | Reached XP level 16. HP: 103/103 MP: 28/28
 21501 | Swamp:2  | Noticed a thorn hunter
 21512 | Swamp:2  | Killed a thorn hunter
 22259 | Swamp:3  | Reached skill level 10 in Dodging
 22712 | Lair:6   | Entered Level 6 of the Lair of Beasts
 22757 | Lair:6   | Found a labyrinth entrance.
 22766 | Lab      | Entered a labyrinth
 23832 | Lab      | Identified Suto's Tome of the Icy Entourage
 23836 | Lab      | Got an iridescent hunting sling
 23837 | Lab      | Identified the cursed +3 hunting sling "Gram" {venom,
                  | +Blink rElec} (You found it in a labyrinth)
 24651 | Lair:6   | Found a viscous altar of Jiyva.
 24651 | Lair:6   | Found a staircase to the Slime Pits.
 24911 | Lair:6   | Found a burning altar of Makhleb.
 24920 | Lair:6   | Reached XP level 17. HP: 67/113 MP: 30/30
 24921 | Lair:6   | Found a gateway to Hell.
 25277 | Swamp:4  | Entered Level 4 of the Swamp
 25354 | Swamp:4  | Paralysed by a hornet for 1 turns
 25820 | Swamp:4  | Noticed the 27-headed Lernaean hydra
 25991 | Swamp:4  | Killed the 27-headed Lernaean hydra
 26143 | Swamp:4  | Got a decaying rune of Zot
 26452 | Spider:4 | Entered Level 4 of the Spider Nest
 26605 | Spider:4 | Noticed Pemoos's ghost (journeyman DEFE)
 26608 | Spider:4 | Found a transporter.
 26656 | Spider:4 | Reached skill level 10 in Fighting
 26685 | Spider:4 | Reached skill level 5 in Conjurations
 26692 | Spider:4 | Found a transporter.
 27016 | Spider:4 | Reached XP level 18. HP: 120/120 MP: 24/31
 27024 | Spider:4 | Learned a level 6 spell: Freezing Cloud
 27045 | Spider:4 | Reached skill level 1 in Air Magic
 27262 | Spider:4 | Got a gossamer rune of Zot
 27872 | Spider:4 | Reached skill level 5 in Air Magic
 27880 | Spider:4 | Killed Pemoos's ghost
 28736 | D:11     | Found a shattered altar of Ashenzari.
 30630 | D:13     | Found a sparkling altar of Nemelex Xobeh.
 31537 | D:14     | Found a runed gate.
 31537 | D:14     | Found a runed gate.
 31537 | D:14     | Found a runed gate.
 31537 | D:14     | Noticed Shimizu's ghost (adept MfIE)
 31554 | D:14     | Killed Shimizu's ghost
 31592 | D:14     | Found a portal to a secret trove of treasure.
 31728 | D:14     | Noticed Rupert
 31949 | D:14     | Found a gate to the Vaults.
 32297 | D:15     | Entered Level 15 of the Dungeon
 32431 | D:15     | Found a staircase to the Depths.
 32484 | D:15     | Reached XP level 19. HP: 126/126 MP: 32/32
 33503 | Vaults:1 | Entered Level 1 of the Vaults
 33859 | Vaults:1 | Reached skill level 10 in Spellcasting
 34016 | Vaults:1 | Cast into level 2 of the Abyss (a wizard)
 34409 | Vaults:1 | Escaped the Abyss
 34462 | Vaults:1 | Found Midetofu's Assorted Antiques.
 34466 | Vaults:1 | Bought a viscous dark potion for 31 gold pieces
 34466 | Vaults:1 | Bought a scroll of remove curse for 105 gold pieces
 34688 | Vaults:1 | Reached XP level 20. HP: 134/134 MP: 34/34
 35137 | Vaults:2 | Found a ruined gateway.
 35146 | Desolati | Entered the Desolation of Salt
 35253 | Desolati | Reached skill level 10 in Conjurations
 35256 | Desolati | Reached skill level 10 in Invocations
 35541 | Desolati | Identified the Handbook of Captivating Damage Dealing
 35761 | Desolati | Identified the Collected Works on Enhancements and Ignition
 35905 | Desolati | Reached skill level 10 in Ice Magic
 36266 | Vaults:2 | Reached XP level 21. HP: 141/141 MP: 35/35
 36370 | Vaults:2 | Reached skill level 15 in Shields
 38192 | Vaults:3 | Reached skill level 15 in Unarmed Combat
 38624 | Vaults:3 | Reached XP level 22. HP: 149/149 MP: 36/36
 38774 | Vaults:3 | Found a staircase to the Crypt.
 39056 | Vaults:4 | Found Zestiequeh's Antique Weapon Emporium.
 39201 | Vaults:4 | Found Aduy's Book Boutique.
 39204 | Vaults:4 | Found Falliep's Book Shoppe.
 39550 | Vaults:4 | Found Ninet's Assorted Antiques.
 39555 | Vaults:4 | Found Ithis's Book Shop.
 39559 | Vaults:4 | Bought a large zirconium amulet for 180 gold pieces
 40537 | Elf:1    | Entered Level 1 of the Elven Halls
 40709 | Elf:1    | Noticed Agnes
 40717 | Elf:1    | Killed Agnes
 40784 | Elf:1    | Paralysed by an orc sorcerer for 2 turns
 41147 | Elf:1    | Found Boellakecs's Antique Armour Shoppe.
 41327 | Elf:1    | Noticed Azrael
 41336 | Elf:1    | Killed Azrael
 41374 | Elf:1    | Identified the Papyrus of Sinister Arts
 41699 | Elf:2    | Found a huge runed gate.
 41699 | Elf:2    | Found a huge runed gate.
 41699 | Elf:2    | Found a huge runed gate.
 41699 | Elf:2    | Found a huge runed gate.
 41701 | Elf:2    | Found a huge runed gate.
 42284 | Elf:3    | Entered Level 3 of the Elven Halls
 42545 | Elf:3    | Got a scintillating gossamer ring
 42574 | Elf:3    | Reached XP level 23. HP: 124/157 MP: 37/38
 42580 | Elf:3    | Gained mutation: Your magical capacity is low. (-10% MP) [a
                  | neqoxec]
 42657 | Elf:3    | Got a vibrating lead ring
 42731 | Elf:3    | Learned a level 6 spell: Deflect Missiles
 42769 | Elf:3    | Identified the Handbook of Doomed Creation
 42773 | Elf:3    | Identified Qinidiul's Disquisition on the Rocks and
                  | Necromancy
 42789 | Elf:3    | Identified the Papyrus of Flying Aid
 42793 | Elf:3    | Identified the Grimoire of the Voyage and Weightlessness
 42795 | Elf:3    | Identified the Volume of Fire and Ice
 43470 | D:11     | Identified the ring "Newey" {Fire Dex+2} (You took it off a
                  | deep elf archer on level 3 of the Elven Halls)
 43472 | D:11     | Identified the ring "Ides" {rC+ Dex+3 SInv} (You found it
                  | on level 3 of the Elven Halls)
 43737 | Depths:1 | Entered Level 1 of the Depths
 43804 | Depths:1 | Noticed Sojobo
 43822 | Depths:1 | Killed Sojobo
 43862 | Depths:1 | Noticed Ciexkom's ghost (veteran DEHu)
 43866 | Depths:1 | Found a transporter.
 43870 | Depths:1 | Found a one-way gate to the infinite horrors of the Abyss.
 44136 | Depths:1 | Found a transporter.
 44201 | Depths:1 | Cast into level 2 of the Abyss (a wizard)
 44297 | Abyss:2  | Found a corrupted altar of Lugonu.
 44424 | Abyss:2  | Found a corrupted altar of Lugonu.
 44585 | Abyss:2  | Gained mutation: You are dopey. (Int -2) [a neqoxec]
 44587 | Abyss:2  | Gained mutation: Your body sometimes deteriorates upon
                  | taking damage. [a neqoxec]
 45100 | Abyss:2  | Gained mutation: Your body often deteriorates upon taking
                  | damage. [a neqoxec]
 45113 | Depths:1 | Escaped the Abyss
 45835 | Depths:2 | Noticed a caustic shrike
 45838 | Depths:2 | Killed a caustic shrike
 45846 | Depths:2 | Reached XP level 24. HP: 165/165 MP: 34/34
 45973 | Depths:2 | Reached skill level 5 in Charms
 46579 | Depths:2 | Found Icsog's Gadget Emporium.
 46579 | Depths:2 | Found Wuniezeh's Jewellery Shop.
 46580 | Depths:2 | Found Beifreac's Gadget Emporium.
 47738 | Depths:3 | You fall through a shaft!
 47981 | Depths:4 | Reached XP level 25. HP: 156/173 MP: 35/35
 48104 | Depths:4 | Found a gateway to a ziggurat.
 48358 | Depths:3 | Found a one-way gate leading to the halls of Pandemonium.
 49540 | Depths:3 | Noticed an ancient lich
 49545 | Depths:3 | Killed an ancient lich
 49545 | Depths:3 | Reached skill level 15 in Fighting
 49642 | Depths:4 | Reached skill level 15 in Dodging
 50253 | Depths:4 | Upgraded the game from 0.22.1 to 0.22.1-1-ga44c0e5
 50623 | Lair:6   | Fell from the grace of Cheibriados
 50623 | Lair:6   | Became a worshipper of Makhleb the Destroyer
 51014 | Crypt:1  | Entered Level 1 of the Crypt
 51619 | Crypt:1  | Reached * piety under Makhleb
 52202 | Crypt:2  | Paralysed by a vampire knight for 5 turns
 52218 | Crypt:2  | Reached ** piety under Makhleb
 53131 | Crypt:2  | Found an ancient bone altar of Kikubaaqudgha.
 53470 | Crypt:3  | Entered Level 3 of the Crypt
 53504 | Crypt:3  | Reached XP level 26. HP: 181/181 MP: 35/35
 53715 | Crypt:3  | Identified Zijes's Compendium of Assistive Lightness
 53813 | Crypt:3  | Reached *** piety under Makhleb
 53824 | Crypt:3  | Found a basalt altar of Yredelemnul.
 53919 | Crypt:3  | Reached skill level 1 in Throwing
 54023 | Crypt:3  | Reached **** piety under Makhleb
 54235 | Crypt:3  | Gained mutation: You tend to lose your temper in combat.
                  | [mutagenic glow]
 54254 | Crypt:3  | Gained mutation: You are clumsy. (Dex -2) [mutagenic glow]
 54320 | Crypt:3  | Found the +4 robe of Augmentation {Str+4 Int+4 Dex+4}
 54346 | Crypt:3  | Identified Ereshkigal's Guide on Necromancy
 54627 | Crypt:3  | Found a staircase to the Tomb.
 55097 | Lair:1   | Lost mutation: Your body often deteriorates upon taking
                  | damage. [potion of mutation]
 55097 | Lair:1   | Lost mutation: You are dopey. (Int -2) [potion of mutation]
 55097 | Lair:1   | Gained mutation: You are very clumsy. (Dex -4) [potion of
                  | mutation]
 55097 | Lair:1   | Gained mutation: Your mind is acute. (Int +2) [potion of
                  | mutation]
 55097 | Lair:1   | Gained mutation: Your body often deteriorates upon taking
                  | damage. [potion of mutation]
 55097 | Lair:1   | Gained mutation: You evolve. [potion of mutation]
 55231 | Slime:1  | Entered Level 1 of the Pits of Slime
 55660 | Slime:1  | Reached ***** piety under Makhleb
 55670 | Slime:2  | Reached skill level 15 in Conjurations
 56100 | Slime:3  | Reached skill level 15 in Spellcasting
 56103 | Slime:3  | Paralysed by a great orb of eyes for 7 turns
 56409 | Slime:3  | Gained mutation: You often lose your temper in combat. [a
                  | shining eye]
 56738 | Slime:4  | Gained mutation: Scrolls take you a little longer to read.
                  | [mutagenic glow]
 56763 | Slime:4  | Gained mutation: Your magical capacity is very low. (-20%
                  | MP) [mutagenic glow]
 56937 | Slime:4  | Lost mutation: Your body often deteriorates upon taking
                  | damage. [evolution]
 56937 | Slime:4  | Lost mutation: You evolve. [end of evolution]
 57098 | Slime:5  | Entered Level 5 of the Pits of Slime
 57149 | Slime:5  | Noticed Dissolution
 57159 | Slime:5  | Killed Dissolution
 57385 | Slime:5  | Reached XP level 27. HP: 187/187 MP: 24/34
 57404 | Slime:5  | Reached ****** piety under Makhleb
 57567 | Slime:5  | Noticed the Royal Jelly
 57627 | Slime:5  | Found a viscous altar of Jiyva.
 58066 | Slime:5  | Killed the Royal Jelly
 58071 | Slime:5  | HP: 11/243 [acid blob/splash of acid[the Royal Jelly] (5)]
 58071 | Slime:5  | HP: 4/243 [acid[the Royal Jelly] (7)]
 58304 | Slime:5  | Got a vibrating pewter ring
 58348 | Slime:5  | Got a slimy rune of Zot
 58393 | Slime:5  | Identified the Guide on Ignition
 58427 | Slime:5  | Identified the Catalogue of Quantum Arcane Weapons
 58453 | Slime:5  | Identified the ring "Goir" {MR+ Dex+8} (You found it on
                  | level 5 of the Pits of Slime)
 59090 | Lair:1   | Lost mutation: You often lose your temper in combat.
                  | [potion of mutation]
 59090 | Lair:1   | Lost mutation: Your mind is acute. (Int +2) [potion of
                  | mutation]
 59090 | Lair:1   | Lost mutation: Your body sometimes deteriorates upon taking
                  | damage. [potion of mutation]
 59090 | Lair:1   | Lost mutation: Scrolls take you a little longer to read.
                  | [potion of mutation]
 59090 | Lair:1   | Gained mutation: You are partially covered in yellow
                  | scales. (AC +2) [potion of mutation]
 59090 | Lair:1   | Gained mutation: You are frail. (-10% HP) [potion of
                  | mutation]
 59090 | Lair:1   | Gained mutation: You are somewhat resistant to further
                  | mutation. [potion of mutation]
 59422 | Depths:1 | Killed Ciexkom's ghost
 59650 | Depths:1 | Voluntarily entered the Abyss.
 59938 | Abyss:1  | Found a corrupted altar of Lugonu.
 60211 | Abyss:1  | Paralysed by accursed screaming for 1 turns
 60215 | Abyss:1  | Paralysed by accursed screaming for 1 turns
 60247 | Abyss:1  | Paralysed by accursed screaming for 2 turns
 60254 | Abyss:1  | Paralysed by accursed screaming for 2 turns
 60261 | Abyss:1  | Paralysed by accursed screaming for 1 turns
 60301 | Abyss:1  | Was forgiven by Cheibriados
 60362 | Abyss:1  | Noticed an ancient lich
 60371 | Abyss:1  | Killed an ancient lich
 60714 | Abyss:2  | Paralysed by accursed screaming for 1 turns
 61292 | Depths:1 | Escaped the Abyss
 61296 | Depths:1 | Voluntarily entered the Abyss.
 61296 | Abyss:1  | Found an iron altar of Okawaru.
 61374 | Abyss:1  | Found an iron altar of Okawaru.
 61389 | Abyss:1  | Paralysed by accursed screaming for 1 turns
 61393 | Abyss:1  | Paralysed by accursed screaming for 2 turns
 61399 | Abyss:1  | Paralysed by accursed screaming for 2 turns
 61433 | Abyss:1  | Paralysed by accursed screaming for 2 turns
 62474 | Abyss:3  | Paralysed by accursed screaming for 1 turns
 62690 | Abyss:3  | Found a corrupted altar of Lugonu.
 63010 | Abyss:3  | Got a transparent granite ring
 63081 | Depths:1 | Escaped the Abyss
 63271 | Lair:1   | Identified the cursed ring "Tepnakutt" {rN+ EV-3} (You
                  | found it on level 3 of the Abyss)
 63431 | D:14     | You paid a toll of 19 scrolls of identify to enter a
                  | treasure trove
 63432 | Trove    | Entered a treasure trove
 63441 | Trove    | Found the ring of the Octopus King
 63472 | Trove    | Got a ring of the Octopus King
 63473 | Trove    | Identified a ring of the Octopus King {AC+1 EV+1 Str+1
                  | Int+1 Dex+1 Stlth+} (You found it in a treasure trove)
 63475 | Trove    | Got a clouded bone ring
 63500 | Trove    | Identified the ring of Yduismog {-Tele rElec rN+ MR+ SInv}
                  | (You found it in a treasure trove)
 63502 | Trove    | Got a sparkling copper ring
 63503 | Trove    | Identified the ring "Baos" {rPois rF+} (You found it in a
                  | treasure trove)
 63505 | Trove    | Got a steaming lead ring
 63506 | Trove    | Identified the ring "Iqaelav" {Str+5 Dex+4} (You found it
                  | in a treasure trove)
 63508 | Trove    | Got a bound pewter ring
 63509 | Trove    | Identified the ring "Losye" {rF- AC+3 Str+4 Dex+3} (You
                  | found it in a treasure trove)
 63511 | Trove    | Got a bound marble ring
 63512 | Trove    | Identified the ring of Understanding {rN+ Str+4 SInv} (You
                  | found it in a treasure trove)
 63517 | Trove    | Got a slimy golden ring
 63518 | Trove    | Identified the ring of Papnieri {rN+++ Str-3 Dex+3 SInv
                  | Stlth-} (You found it in a treasure trove)
 63520 | Trove    | Got a flickering amethyst amulet
 63526 | Trove    | Got a scorched lapis lazuli ring
 63527 | Trove    | Identified the ring "Hamyack" {rElec rF++ Str+3 Int+4
                  | Dex-3} (You found it in a treasure trove)
 63531 | Trove    | Got a clouded glass ring
 63532 | Trove    | Identified the ring "Dokuah" {rN+ EV+4 Int+3} (You found it
                  | in a treasure trove)
 63555 | Trove    | Identified the amulet of Balance {-Tele rElec rPois Regen+
                  | Str+3} (You found it in a treasure trove)
 63671 | D:14     | Paralysed by Rupert for 4 turns
 63676 | D:14     | Killed Rupert
 64140 | Depths:1 | Voluntarily entered the Abyss.
 64140 | Abyss:1  | Found a corrupted altar of Lugonu.
 64170 | Abyss:1  | Paralysed by accursed screaming for 2 turns
 64179 | Abyss:1  | Paralysed by accursed screaming for 1 turns
 64216 | Abyss:1  | Paralysed by accursed screaming for 1 turns
 64226 | Abyss:1  | Paralysed by accursed screaming for 1 turns
 64242 | Abyss:1  | Found a corrupted altar of Lugonu.
 64345 | Abyss:1  | Paralysed by accursed screaming for 1 turns
 64567 | Abyss:1  | Found a corrupted altar of Lugonu.
 65494 | Abyss:3  | Paralysed by accursed screaming for 1 turns
 65504 | Abyss:3  | Paralysed by accursed screaming for 1 turns
 66256 | Abyss:4  | Got a warped large shield
 66262 | Abyss:4  | Identified the cursed +0 large shield "Tocloc" {rElec
                  | Dex+3} (You took it off a daeva on level 4 of the Abyss)
 66745 | Abyss:4  | Found a basalt altar of Yredelemnul.
 67093 | Abyss:4  | Found a corrupted altar of Lugonu.
 67652 | Abyss:4  | Gained mutation: Your spells are a little easier to cast,
                  | but a little less powerful. [a neqoxec]
 67656 | Abyss:4  | Gained mutation: You are dopey. (Int -2) [a neqoxec]
 67749 | Abyss:4  | Paralysed by accursed screaming for 1 turns
 67936 | Abyss:4  | Paralysed by accursed screaming for 1 turns
 68218 | Abyss:4  | Reached skill level 15 in Ice Magic
 68221 | Abyss:4  | Found a hazy altar of Hepliaklqana.
 68221 | Abyss:4  | Found an ancient bone altar of Kikubaaqudgha.
 68221 | Abyss:4  | Found an ornate altar of the Wu Jian Council.
 68221 | Abyss:4  | Found a shimmering altar of Xom.
 68221 | Abyss:4  | Found a white marble altar of Elyvilon.
 68221 | Abyss:4  | Found a glowing silver altar of Zin.
 68222 | Abyss:4  | Found a burning altar of Makhleb.
 68222 | Abyss:4  | Found a blossoming altar of Fedhas.
 68222 | Abyss:4  | Found a deep blue altar of Sif Muna.
 68222 | Abyss:4  | Found a hide-covered altar of Uskayaw.
 68223 | Abyss:4  | Found a snail-covered altar of Cheibriados.
 68225 | Abyss:4  | Found a bloodstained altar of Trog.
 68225 | Abyss:4  | Found an iron altar of Okawaru.
 68225 | Abyss:4  | Found a radiant altar of Vehumet.
 68227 | Abyss:4  | Found an opulent altar of Gozag.
 68227 | Abyss:4  | Found a glowing golden altar of the Shining One.
 68227 | Abyss:4  | Found a shadowy altar of Dithmenos.
 68227 | Abyss:4  | Found a basalt altar of Yredelemnul.
 68229 | Abyss:4  | Found a sparkling altar of Nemelex Xobeh.
 68229 | Abyss:4  | Found a basalt altar of Yredelemnul.
 68229 | Abyss:4  | Found a shattered altar of Ashenzari.
 68271 | Abyss:4  | Found a burning altar of Makhleb.
 68382 | Abyss:4  | Paralysed by accursed screaming for 1 turns
 68516 | Abyss:4  | Paralysed by accursed screaming for 1 turns
 68550 | Abyss:4  | Paralysed by accursed screaming for 1 turns
 69383 | Abyss:4  | Got an abyssal rune of Zot
 69384 | Abyss:4  | Paralysed by accursed screaming for 1 turns
 69564 | Depths:1 | Escaped the Abyss
 69574 | Depths:1 | Learned a level 8 spell: Ignition
 69671 | Depths:5 | Entered Level 5 of the Depths
 69671 | Depths:5 | Noticed Frederick
 69682 | Depths:5 | Reached skill level 1 in Fire Magic
 69688 | Depths:5 | Killed Frederick
 69792 | Depths:5 | Reached skill level 5 in Fire Magic
 69870 | Depths:5 | Found the +27 Lear's hauberk
 70247 | Depths:5 | Reached skill level 10 in Fire Magic
 70297 | Depths:5 | Found a gate to the Realm of Zot.
 70994 | Lair:1   | Lost mutation: You are frail. (-10% HP) [potion of
                  | mutation]
 70994 | Lair:1   | Lost mutation: You are very clumsy. (Dex -4) [potion of
                  | mutation]
 70994 | Lair:1   | Lost mutation: Your magical capacity is very low. (-20% MP)
                  | [potion of mutation]
 70994 | Lair:1   | Lost mutation: Your magical capacity is low. (-10% MP)
                  | [potion of mutation]
 71407 | Vaults:5 | Entered Level 5 of the Vaults
 71425 | Vaults:5 | Noticed an ancient lich
 71439 | Vaults:5 | Paralysed by an ancient lich for 5 turns
 71446 | Vaults:5 | Killed an ancient lich
 71570 | Vaults:5 | Reached skill level 15 in Fire Magic
 71642 | Vaults:5 | Found Noivieb's Jewellery Shoppe.
 71931 | Vaults:5 | Noticed an ancient lich
 71936 | Vaults:5 | Killed an ancient lich
 72217 | Vaults:5 | Bought a +1 ring of protection for 60 gold pieces
 72391 | Vaults:5 | Found the +8 storm bow {elec}
 72427 | Vaults:5 | Identified Sif Muna's Almanac of Aid and Stones
 72552 | Vaults:5 | Reached skill level 10 in Stealth
 72682 | Vaults:5 | Found Ureorauk's Jewellery Shoppe.
 72734 | Vaults:5 | Got a silver rune of Zot
 72994 | Vaults:5 | Identified Vehumet's Disquisition on Dark Conjuration (You
                  | acquired it on level 5 of the Vaults)
 73308 | Zot:1    | Entered Level 1 of the Realm of Zot
 73356 | Zot:1    | Gained mutation: You are frail. (-10% HP) [mutagenic glow]
 75047 | Zot:3    | Reached skill level 1 in Evocations
 76403 | Zot:4    | Reached skill level 5 in Evocations
 77274 | Hell     | Entered the Vestibule of Hell
 77274 | Hell     | Noticed Geryon
 77355 | Hell     | Killed Geryon
 77467 | Hell     | Found a gateway to the ashen valley of Gehenna.
 77532 | Hell     | Found a gateway to the decaying netherworld of Tartarus.
 77593 | Hell     | Found a gateway to the freezing wastes of Cocytus.
 77648 | Hell     | Found a gateway to the Iron City of Dis.
 78186 | Geh:1    | Entered Level 1 of Gehenna
 78412 | Geh:2    | Reached skill level 5 in Throwing
 78925 | Geh:4    | Reached skill level 10 in Air Magic
 79547 | Geh:7    | Entered Level 7 of Gehenna
 79658 | Geh:7    | Gained mutation: You often lose your temper in combat.
                  | [mutagenic glow]
 79703 | Geh:7    | Gained mutation: Scrolls take you a little longer to read.
                  | [mutagenic glow]
 80088 | Geh:7    | Noticed Asmodeus
 80112 | Geh:7    | Killed Asmodeus
 80159 | Geh:7    | Identified the Guide on the Mountains
 80161 | Geh:7    | Identified Eqoph's Tome of Boosts
 80167 | Geh:7    | Identified the Catalogue of Feathers and Creation
 80200 | Geh:7    | Got a twitching lead ring
 80223 | Geh:7    | Got an obsidian rune of Zot
 80245 | Geh:7    | Got a bound copper ring
 80747 | Hell     | Identified the ring of Xicycili {Ice Str+4 Dex+4 Stlth+}
                  | (You found it on level 7 of Gehenna)
 80749 | Hell     | Identified the ring "Qomoisk" {-Tele rC++ rN+ Dex+5} (You
                  | found it on level 7 of Gehenna)
 80768 | Coc:1    | Entered Level 1 of Cocytus
 80822 | Coc:1    | Reached skill level 10 in Throwing
 81724 | Coc:7    | Entered Level 7 of Cocytus
 81891 | Coc:7    | Noticed Antaeus
 81937 | Coc:7    | HP: 9/228 [Antaeus/twisted war axe {flame} (9)]
 82061 | Coc:7    | Killed Antaeus
 82106 | Coc:7    | Got a twisted war axe {flame}
 82162 | Coc:7    | Got an icy rune of Zot
 82426 | Tar:1    | Entered Level 1 of Tartarus
 82736 | Tar:2    | Noticed Jory
 82757 | Tar:2    | Killed Jory
 82871 | Tar:2    | You fall through a shaft for 2 floors!
 83360 | Tar:7    | Entered Level 7 of Tartarus
 83407 | Tar:7    | Reached skill level 15 in Air Magic
 83987 | Tar:7    | Noticed Ereshkigal
 84037 | Tar:7    | Gained mutation: Scrolls take you longer to read.
                  | [mutagenic glow]
 84153 | Tar:7    | Killed Ereshkigal
 84179 | Tar:7    | Found the +7 sceptre of Torment
 84205 | Tar:7    | Got a bone rune of Zot
 84216 | Tar:7    | Got a faintly glowing gossamer ring
 84479 | Tar:7    | Found the +8 trident of the Octopus King {venom, rElec
                  | rPois MR+}
 84878 | Hell     | Identified the cursed ring of Entaedem {MR- AC-3 Int+8
                  | SInv} (You found it on level 7 of Tartarus)
 84934 | Dis:1    | Entered Level 1 of the Iron City of Dis
 85408 | Dis:7    | Entered Level 7 of the Iron City of Dis
 86123 | Dis:7    | Identified the Volume of the Seven Wonders
 86315 | Dis:7    | Noticed Dispater
 86841 | Dis:7    | Killed Dispater
 86854 | Dis:7    | Got an iron rune of Zot
 87301 | Lair:1   | Identified the cursed +1 war axe of Vokkod {flame, Dex+3
                  | SInv} (You took it off Antaeus on level 7 of Cocytus)
 87627 | Tomb:1   | Entered Level 1 of the Tomb of the Ancients
 88148 | Tomb:1   | Noticed a greater mummy
 88148 | Tomb:1   | Noticed Khufu
 88148 | Tomb:1   | Noticed a greater mummy
 88859 | Zig:1    | Entered Level 1 of a ziggurat
 88875 | Zig:2    | Entered Level 2 of a ziggurat
 88911 | Zig:3    | Entered Level 3 of a ziggurat
 88953 | Zig:4    | Entered Level 4 of a ziggurat
 88965 | Zig:4    | Got a scorched brass amulet
 88989 | Zig:4    | Identified the amulet "Hucoemp" {Reflect rC+ Str+4 Dex+4
                  | Slay+2 SH+4} (You found it on level 4 of a ziggurat)
 88999 | Zig:5    | Entered Level 5 of a ziggurat
 89019 | Zig:5    | Identified Boxzi's Reference Book on the Unstable Glacier
 89040 | Zig:6    | Entered Level 6 of a ziggurat
 89080 | Zig:7    | Entered Level 7 of a ziggurat
 89111 | Zig:7    | Identified the Grimoire of Orientation and Good Luck
 89140 | Zig:8    | Entered Level 8 of a ziggurat
 89149 | Zig:8    | Noticed Eraix the pandemonium lord
 89169 | Zig:8    | Killed Eraix the pandemonium lord
 89191 | Zig:8    | Got a fine silver ring
 89205 | Zig:8    | Identified the Collected Works on Enhancements
 89215 | Zig:9    | Entered Level 9 of a ziggurat
 89239 | Zig:9    | Got a brightly glowing ruby amulet
 89250 | Zig:9    | Got a wavering iron ring
 89261 | Zig:10   | Entered Level 10 of a ziggurat
 89271 | Zig:10   | Found the +3 giant club "Skullcrusher" {speed, Str+7}
 89352 | Zig:10   | Identified the Tome of Harmful Stones
 89379 | Zig:11   | Entered Level 11 of a ziggurat
 89391 | Zig:11   | Found the +3 robe of Clouds {+Fly rElec}
 89438 | Zig:11   | Identified the Disquisition on Dusty Evil
 89488 | Zig:11   | Identified the ring "Cuziatameph" {*Tele Int+2 Dex+5} (You
                  | found it on level 8 of a ziggurat)
 89492 | Zig:11   | Identified the ring "Juir Vaefu" {*Tele rElec Int+4} (You
                  | found it on level 9 of a ziggurat)
 89500 | Zig:11   | Identified the amulet "Izoajen" {+Rage rF- rC+ rN+++ Dex+3}
                  | (You found it on level 9 of a ziggurat)
 89505 | Zig:12   | Entered Level 12 of a ziggurat
 89518 | Zig:12   | Noticed Horroj the pandemonium lord
 89519 | Zig:12   | Killed Horroj the pandemonium lord
 89586 | Zig:12   | Lost mutation: Scrolls take you longer to read. [potion of
                  | mutation]
 89586 | Zig:12   | Lost mutation: You are clumsy. (Dex -2) [potion of
                  | mutation]
 89586 | Zig:12   | Lost mutation: You often lose your temper in combat.
                  | [potion of mutation]
 89586 | Zig:12   | Lost mutation: Scrolls take you a little longer to read.
                  | [potion of mutation]
 89586 | Zig:12   | Gained mutation: You are surrounded by a mild repulsion
                  | field. (EV +2) [potion of mutation]
 89590 | Zig:12   | Identified the amulet of Vamiuge {Gourm rElec rPois Int+7}
                  | (You found it on level 12 of a ziggurat)
 89661 | Zig:13   | Entered Level 13 of a ziggurat
 89677 | Zig:13   | Noticed an ancient lich
 89691 | Zig:13   | Killed an ancient lich
 89802 | Zig:14   | Entered Level 14 of a ziggurat
 89812 | Zig:14   | Noticed Womito the pandemonium lord
 89833 | Zig:14   | Killed Womito the pandemonium lord
 89852 | Zig:14   | HP: 10/224 [infernal warmonger/antimagic demon blade (7)]
 90067 | Zig:14   | Learned a level 9 spell: Tornado
 90088 | Zig:15   | Entered Level 15 of a ziggurat
 90224 | Zig:15   | Identified the ring "Tim Icui" {Ice Str+2 Int+3} (You found
                  | it on level 15 of a ziggurat)
 90287 | Zig:16   | Entered Level 16 of a ziggurat
 90316 | Zig:16   | Found the +9 scales of the Dragon King {rPois rF+ rC+ MR+}
 90395 | Zig:17   | Entered Level 17 of a ziggurat
 90420 | Zig:17   | Noticed an ancient lich
 90420 | Zig:17   | Noticed an ancient lich
 90420 | Zig:17   | Noticed an ancient lich
 90421 | Zig:17   | Found the +10 dark maul {crush}
 90423 | Zig:17   | Reached skill level 1 in Staves
 90428 | Zig:17   | Killed an ancient lich
 90429 | Zig:17   | Killed an ancient lich
 90440 | Zig:17   | Killed an ancient lich
 90443 | Zig:17   | Found the +9 sword of Zonguldrok {reap}
 90504 | Zig:17   | Identified Sif Muna's Volume of Gliding Benedictions
 90589 | Zig:17   | Learned a level 6 spell: Invisibility
 90594 | Zig:18   | Entered Level 18 of a ziggurat
 90710 | Zig:18   | Identified the amulet "Ovvyc" {Acrobat rF+ Str-3 Dex+4}
                  | (You found it on level 18 of a ziggurat)
 90779 | Zig:19   | Entered Level 19 of a ziggurat
 90807 | Zig:19   | Reached skill level 5 in Staves
 90887 | Zig:19   | Got a vibrating lapis lazuli ring
 90926 | Zig:19   | Identified the Guide on Illusion and Boosts
 90941 | Zig:19   | Identified the ring "Axecw" {rF+ rN++ EV+3 Int-5} (You
                  | found it on level 19 of a ziggurat)
 90964 | Zig:20   | Entered Level 20 of a ziggurat
 90996 | Zig:20   | Reached skill level 5 in Hexes
 91095 | Zig:20   | Got an ancient pewter ring
 91097 | Zig:20   | Identified the ring of Zin's Generosity {rElec MP+9 Str+5
                  | Int+4} (You found it on level 20 of a ziggurat)
 91104 | Zig:20   | Got a glittering pewter amulet
 91105 | Zig:20   | Identified the amulet of Equilibrium {Acrobat rPois Str+3
                  | Int+5} (You found it on level 20 of a ziggurat)
 91129 | Zig:21   | Entered Level 21 of a ziggurat
 91293 | Zig:21   | Found the +3 hat of Pondering {ponderous, MR+ MP+10 Int+5}
 91379 | Zig:21   | Identified the Volume of Spatial Confrontation
 91382 | Zig:21   | Identified the Almanac of Dark Earth
 91445 | Zig:22   | Entered Level 22 of a ziggurat
 91494 | Zig:22   | Found the +5 scythe "Finisher" {speed, Str+3}
 91561 | Zig:22   | Identified Ikeukk's Disquisition on Lucky Dark Rituals
 91581 | Zig:22   | Identified the Reference Book on Hurtful Good Luck
 91731 | Zig:23   | Entered Level 23 of a ziggurat
 91814 | Zig:23   | Paralysed by accursed screaming for 1 turns
 91825 | Zig:23   | Paralysed by accursed screaming for 1 turns
 91832 | Zig:23   | Paralysed by accursed screaming for 2 turns
 91938 | Zig:23   | Identified the Handbook of the Helpful Mountains
 91945 | Zig:23   | Identified the Incunabulum of the Assistive Blaze
 91963 | Zig:23   | Got a fine granite ring
 91965 | Zig:23   | Identified the ring "Ceubruw" {rC+ MR+ MP-9 Str+4} (You
                  | found it on level 23 of a ziggurat)
 91972 | Zig:23   | Identified Iginitin's Almanac of Unholy Transformation
 92022 | Zig:24   | Entered Level 24 of a ziggurat
 92055 | Zig:24   | Noticed an ancient lich
 92055 | Zig:24   | Noticed an ancient lich
 92055 | Zig:24   | Noticed an ancient lich
 92056 | Zig:24   | Noticed an ancient lich
 92064 | Zig:24   | Killed an ancient lich
 92065 | Zig:24   | Killed an ancient lich
 92069 | Zig:24   | Killed an ancient lich
 92076 | Zig:24   | Killed an ancient lich
 92202 | Zig:25   | Entered Level 25 of a ziggurat
 92253 | Zig:25   | Reached skill level 10 in Staves
 92316 | Zig:25   | Found the +3 pair of gauntlets of War {Slay+5}
 92378 | Zig:25   | Got a translucent wooden ring
 92380 | Zig:25   | Identified the ring "Ficlosm" {*Drain MR+ Str+4 SInv
                  | Stlth+} (You found it on level 25 of a ziggurat)
 92397 | Zig:26   | Entered Level 26 of a ziggurat
 92412 | Zig:26   | Noticed a juggernaut
 92422 | Zig:26   | Killed a juggernaut
 92427 | Zig:26   | Noticed a juggernaut
 92428 | Zig:26   | Noticed a juggernaut
 92434 | Zig:26   | Noticed a juggernaut
 92437 | Zig:26   | Killed a juggernaut
 92437 | Zig:26   | Noticed a juggernaut
 92441 | Zig:26   | Killed a juggernaut
 92442 | Zig:26   | Noticed a juggernaut
 92443 | Zig:26   | Killed a juggernaut
 92444 | Zig:26   | Noticed a juggernaut
 92447 | Zig:26   | Noticed a juggernaut
 92448 | Zig:26   | Noticed a juggernaut
 92450 | Zig:26   | Killed a juggernaut
 92452 | Zig:26   | Killed a juggernaut
 92454 | Zig:26   | Killed a juggernaut
 92460 | Zig:26   | Killed a juggernaut
 92467 | Zig:26   | Killed a juggernaut
 92568 | Zig:26   | Got a heavily runed steel ring
 92570 | Zig:26   | Identified the cursed ring "Zojunomn" {rElec Str+4 Int-6
                  | Dex+4} (You found it on level 26 of a ziggurat)
 92604 | Zig:26   | Got a wavering pewter ring
 92606 | Zig:26   | Identified the ring "Bithrus" {rCorr rF+ Int+2} (You found
                  | it on level 26 of a ziggurat)
 93248 | Tomb:1   | Noticed a greater mummy
 93262 | Tomb:1   | Killed a greater mummy
 93293 | Tomb:1   | Noticed a greater mummy
 93303 | Tomb:1   | Killed a greater mummy
 93493 | Tomb:1   | Killed a greater mummy
 93494 | Tomb:1   | Noticed a greater mummy
 93496 | Tomb:1   | Killed Khufu
 93496 | Tomb:1   | Reached skill level 5 in Translocations
 93499 | Tomb:1   | Killed a greater mummy
 93505 | Tomb:1   | Killed a greater mummy
 94046 | Tomb:1   | Learned a level 5 spell: Aura of Abjuration
 94055 | Tomb:2   | Noticed a greater mummy
 94064 | Tomb:2   | Noticed a greater mummy
 94078 | Tomb:2   | Noticed a greater mummy
 94082 | Tomb:2   | Killed a greater mummy
 94082 | Tomb:2   | Reached skill level 1 in Summonings
 94084 | Tomb:2   | Killed a greater mummy
 94087 | Tomb:2   | Killed a greater mummy
 94111 | Tomb:2   | Noticed a greater mummy
 94124 | Tomb:2   | Killed a greater mummy
 94503 | Tomb:1   | Noticed a greater mummy
 94503 | Tomb:1   | Noticed a greater mummy
 94503 | Tomb:1   | Noticed a greater mummy
 94656 | Tomb:1   | Noticed a greater mummy
 94656 | Tomb:1   | Noticed a greater mummy
 94656 | Tomb:1   | Noticed a greater mummy
 94660 | Tomb:1   | Killed a greater mummy
 94660 | Tomb:1   | Reached skill level 5 in Summonings
 94660 | Tomb:1   | Reached skill level 10 in Translocations
 94663 | Tomb:1   | Killed a greater mummy
 94666 | Tomb:1   | Killed a greater mummy
 94671 | Tomb:1   | Killed a greater mummy
 94673 | Tomb:1   | Killed a greater mummy
 94698 | Tomb:1   | Noticed a greater mummy
 94708 | Tomb:1   | Killed a greater mummy
 94752 | Tomb:1   | Killed a greater mummy
 94776 | Tomb:1   | Noticed a greater mummy
 94781 | Tomb:1   | Killed a greater mummy
 94802 | Tomb:1   | Noticed a greater mummy
 94809 | Tomb:1   | Killed a greater mummy
 94814 | Tomb:1   | Noticed a greater mummy
 94821 | Tomb:1   | Killed a greater mummy
 94841 | Tomb:1   | Noticed a greater mummy
 94848 | Tomb:1   | Killed a greater mummy
 94868 | Tomb:1   | Noticed a greater mummy
 94875 | Tomb:1   | Killed a greater mummy
 94898 | Tomb:1   | Lost mutation: You tend to lose your temper in combat.
                  | [potion of mutation]
 94898 | Tomb:1   | Lost mutation: Your spells are a little easier to cast, but
                  | a little less powerful. [potion of mutation]
 95062 | Tomb:3   | Entered Level 3 of the Tomb of the Ancients
 95144 | Tomb:3   | Noticed a greater mummy
 95149 | Tomb:3   | Noticed a greater mummy
 95156 | Tomb:3   | Killed a greater mummy
 95159 | Tomb:3   | Killed a greater mummy
 95185 | Tomb:3   | Noticed a greater mummy
 95194 | Tomb:3   | Noticed a greater mummy
 95202 | Tomb:3   | Killed a greater mummy
 95215 | Tomb:3   | Killed a greater mummy
 95226 | Tomb:3   | Noticed a greater mummy
 95235 | Tomb:3   | Killed a greater mummy
 95255 | Tomb:3   | Noticed a greater mummy
 95265 | Tomb:3   | Killed a greater mummy
 95323 | Tomb:3   | Noticed a greater mummy
 95335 | Tomb:3   | Killed a greater mummy
 95336 | Tomb:3   | Noticed a greater mummy
 95338 | Tomb:3   | Noticed a greater mummy
 95343 | Tomb:3   | Killed a greater mummy
 95347 | Tomb:3   | Killed a greater mummy
 95381 | Tomb:3   | Got a golden rune of Zot
 95424 | Tomb:3   | Found the +7 mace of Variability {chain chaos}
 95427 | Tomb:3   | Found the +8 demon blade "Bloodbane" {slice, *Rage +Rage
                  | Stlth-}
 95588 | Tomb:3   | Got a clouded marble ring
 95590 | Tomb:3   | Identified the ring "Puheos" {rPois rC+ Dex+2 Stlth+} (You
                  | found it on level 3 of the Tomb of the Ancients)
 97024 | Zig:1    | Entered Level 1 of a ziggurat
 97051 | Zig:2    | Entered Level 2 of a ziggurat
 97074 | Zig:3    | Entered Level 3 of a ziggurat
 97149 | Zig:4    | Entered Level 4 of a ziggurat
 97179 | Zig:5    | Entered Level 5 of a ziggurat
 97190 | Zig:5    | Reached skill level 10 in Summonings
 97241 | Zig:6    | Entered Level 6 of a ziggurat
 97265 | Zig:6    | Got a wavering wooden ring
 97267 | Zig:6    | Identified the ring "Xaimig" {MP+9 Int+2 Stlth+} (You found
                  | it on level 6 of a ziggurat)
 97290 | Zig:7    | Entered Level 7 of a ziggurat
 97325 | Zig:7    | Got a flickering brass ring
 97327 | Zig:7    | Identified the ring of Tiuvaxun {*Drain rC++ Dex+4 Slay+1}
                  | (You found it on level 7 of a ziggurat)
 97336 | Zig:7    | Identified the Handbook of the Torrid Mountains
 97350 | Zig:7    | Got a vibrating garnet amulet
 97351 | Zig:7    | Identified the amulet of Urij {Faith MP+9 Str+2 Dex+4} (You
                  | found it on level 7 of a ziggurat)
 97356 | Zig:8    | Entered Level 8 of a ziggurat
 97403 | Zig:8    | Got a distressingly furry shield
 97414 | Zig:8    | Identified the cursed -3 shield "Udew" {rPois} (You found
                  | it on level 8 of a ziggurat)
 97448 | Zig:9    | Entered Level 9 of a ziggurat
 97512 | Zig:10   | Entered Level 10 of a ziggurat
 97594 | Zig:11   | Entered Level 11 of a ziggurat
 97674 | Zig:12   | Entered Level 12 of a ziggurat
 97688 | Zig:12   | Reached skill level 5 in Necromancy
 97730 | Zig:12   | Identified the Tome of the Entourage and Transmutation
 97733 | Zig:12   | Got a translucent crystal amulet
 97734 | Zig:12   | Identified the amulet "Pemp" {Harm *Drain rN++ Dex-3} (You
                  | found it on level 12 of a ziggurat)
 97737 | Zig:12   | Got a steaming platinum ring
 97739 | Zig:12   | Identified the ring of the Harvest {Str+4 Int+4} (You found
                  | it on level 12 of a ziggurat)
 97760 | Zig:13   | Entered Level 13 of a ziggurat
 97798 | Zig:13   | Identified the Tome of the Owl
 97825 | Zig:14   | Entered Level 14 of a ziggurat
 97943 | Zig:15   | Entered Level 15 of a ziggurat
 97958 | Zig:15   | Noticed Maggaih the pandemonium lord
 97959 | Zig:15   | Noticed Tavycy the pandemonium lord
 97959 | Zig:15   | Noticed Serhekke the pandemonium lord
 97959 | Zig:15   | Noticed Qini Reo the pandemonium lord
 97965 | Zig:15   | Killed Qini Reo the pandemonium lord
 97966 | Zig:15   | Killed Maggaih the pandemonium lord
 97967 | Zig:15   | Killed Tavycy the pandemonium lord
 97969 | Zig:15   | Killed Serhekke the pandemonium lord
 97995 | Zig:15   | Identified the amulet of Equilibrium {Spirit rF+ rC+} (You
                  | found it on level 15 of a ziggurat)
 98015 | Zig:15   | Got a heavily runed bone ring
 98017 | Zig:15   | Identified the ring of Kyhaup {Int+6 Dex+3} (You found it
                  | on level 15 of a ziggurat)
 98040 | Zig:16   | Entered Level 16 of a ziggurat
 98064 | Zig:16   | Reached skill level 15 in Throwing
 98100 | Zig:16   | Got a sparkling amber ring
 98102 | Zig:16   | Identified the ring "Wuclic" {rN+ Dex+4 Slay+6 Stlth-} (You
                  | found it on level 16 of a ziggurat)
 98121 | Zig:16   | Got a coiled marble ring
 98123 | Zig:16   | Identified the ring "Heuxit" {Fire Str-2 Dex+6} (You found
                  | it on level 16 of a ziggurat)
 98151 | Zig:17   | Entered Level 17 of a ziggurat
 98247 | Zig:18   | Entered Level 18 of a ziggurat
 98291 | Zig:18   | Found the +4 dagger "Morg" {pain, MR+ Int+5}
 98323 | Zig:18   | Got a warped pewter ring
 98325 | Zig:18   | Identified the ring "Purcheku" {rPois rF+ Int+4} (You found
                  | it on level 18 of a ziggurat)
 98352 | Zig:18   | Identified Lom Lobon's Almanac of Confrontation
 98357 | Zig:18   | Identified the Almanac of Quantum Moulding
 98365 | Zig:19   | Entered Level 19 of a ziggurat
 98388 | Zig:19   | Noticed an ancient lich
 98393 | Zig:19   | Noticed an ancient lich
 98395 | Zig:19   | Killed an ancient lich
 98395 | Zig:19   | Reached skill level 15 in Summonings
 98404 | Zig:19   | Killed an ancient lich
 98450 | Zig:19   | Found the +2 shield of Resistance {rF+ rC+ MR+}
 98512 | Zig:19   | Identified the Compendium of Snow
 98523 | Zig:19   | Identified the Collected Works on Fire and Intoxication
 98536 | Zig:19   | Learned a level 9 spell: Dragon's Call
 98544 | Zig:20   | Entered Level 20 of a ziggurat
 98607 | Zig:20   | Identified Sif Muna's Guide on Blistering Stolen Souls
 98628 | Zig:21   | Entered Level 21 of a ziggurat
 98697 | Zig:21   | Identified the Disquisition on Twisted Curses
 98704 | Zig:21   | Identified the Grimoire of Bewitchment and Enhancements
 98747 | Zig:21   | Identified the Volume of Torrid Air
 98757 | Zig:21   | Identified the Volume of Boosting Ice
 98773 | Zig:22   | Entered Level 22 of a ziggurat
 98809 | Zig:22   | Paralysed by accursed screaming for 1 turns
 98829 | Zig:22   | Found the +7 Kryia's mail coat {PotionHeal*2 rC+}
 98867 | Zig:22   | Identified the Guide on Enchanting Ice
 98872 | Zig:22   | Identified Buvaucix's Compendium of Dusty Lightness
 98880 | Zig:22   | Identified the amulet of Omaplorch {Faith Slay+3} (You
                  | found it on level 22 of a ziggurat)
 98894 | Zig:22   | Got a transparent platinum ring
 98896 | Zig:22   | Identified the ring "Ylloonun" {rPois MP+9} (You found it
                  | on level 22 of a ziggurat)
 99001 | Zig:23   | Entered Level 23 of a ziggurat
 99087 | Zig:23   | Found the +2 pair of boots of the Assassin {Detection Stab+
                  | Stlth++}
 99087 | Zig:23   | Found the -2 hat of the Alchemist {rElec rPois rF+ rC+ rN+
                  | MR+ rMut rCorr}
 99161 | Zig:23   | Got a crude lapis lazuli ring
 99163 | Zig:23   | Identified the ring "Ufiekhizi" {rCorr MP-9 Str+4} (You
                  | found it on level 23 of a ziggurat)
 99195 | Zig:23   | Identified Osapn's Papyrus of the Dropbear
 99249 | Zig:24   | Entered Level 24 of a ziggurat
 99324 | Zig:24   | Identified the ring of Creativity {*Tele rN++ Dex-2} (You
                  | found it on level 24 of a ziggurat)
 99335 | Zig:24   | Identified the Incunabulum of Ignition
 99412 | Zig:25   | Entered Level 25 of a ziggurat
 99494 | Zig:25   | Found the +12 Vampire's Tooth {vamp}
 99509 | Zig:25   | Got a scorched jade ring
 99511 | Zig:25   | Identified the ring of Leaves {rElec Int+3 Stlth-} (You
                  | found it on level 25 of a ziggurat)
 99648 | Zig:26   | Entered Level 26 of a ziggurat
 99678 | Zig:26   | Noticed Vaidow the pandemonium lord
 99681 | Zig:26   | Killed Vaidow the pandemonium lord
 99822 | Zig:26   | Found the +6 Majin-Bo {vamp, Archmagi MP+6 Int+6}
 99827 | Zig:26   | Got a smoking tin ring
 99829 | Zig:26   | Identified the ring of Xom's Displeasure {+Fly Str+2 Dex+3
                  | Stlth+} (You found it on level 26 of a ziggurat)
 99851 | Zig:26   | Identified Sophisticated Witchcraft
 99873 | Zig:26   | Got a warped glass ring
 99875 | Zig:26   | Identified the cursed ring "Felixun" {rF- Str+2 Int+2 Dex-2
                  | SInv} (You found it on level 26 of a ziggurat)
 99901 | Zig:27   | Entered Level 27 of a ziggurat
 99965 | Zig:27   | Found the +8 longbow "Zephyr" {speed, Dex+3 SInv}
 99994 | Zig:27   | Identified the Handbook of Toxic Blows and Bruises
100048 | Zig:27   | Got a wavering jade ring
100050 | Zig:27   | Identified the ring of Odeb {Str+5 Int+3 SInv} (You found
                  | it on level 27 of a ziggurat)
100225 | Zig:27   | Reached skill level 15 in Evocations
100252 | Zig:27   | Identified the +11 broad axe "Xeghabb" {drain, *Drain rN+
                  | MR+ Int+3} (You found it on level 27 of a ziggurat)
100366 | Lair:1   | Lost mutation: You are frail. (-10% HP) [potion of
                  | mutation]
100366 | Lair:1   | Lost mutation: You are dopey. (Int -2) [potion of mutation]
100366 | Lair:1   | Lost mutation: You are surrounded by a mild repulsion
                  | field. (EV +2) [potion of mutation]
100366 | Lair:1   | Gained mutation: You are agile. (Dex +2) [potion of
                  | mutation]
100367 | Lair:1   | Lost mutation: You are somewhat resistant to further
                  | mutation. [potion of mutation]
100367 | Lair:1   | Lost mutation: You are agile. (Dex +2) [potion of mutation]
100367 | Lair:1   | Lost mutation: You are partially covered in yellow scales.
                  | (AC +2) [potion of mutation]
100367 | Lair:1   | Gained mutation: You have a pair of small antennae on your
                  | head. [potion of mutation]
100367 | Lair:1   | Gained mutation: You are partially covered in thin metallic
                  | scales. (AC +2) [potion of mutation]
100367 | Lair:1   | Gained mutation: You are agile. (Dex +2) [potion of
                  | mutation]
100368 | Lair:1   | Lost mutation: You are agile. (Dex +2) [potion of mutation]
100368 | Lair:1   | Gained mutation: Your magical capacity is low. (-10% MP)
                  | [potion of mutation]
100368 | Lair:1   | Gained mutation: You have a pair of antennae on your head.
                  | [potion of mutation]
100374 | Lair:1   | Lost mutation: Your magical capacity is low. (-10% MP)
                  | [potion of mutation]
100374 | Lair:1   | Lost mutation: You have a pair of antennae on your head.
                  | [potion of mutation]
100374 | Lair:1   | Gained mutation: One of your tentacles bears a spike.
                  | [potion of mutation]
100374 | Lair:1   | Gained mutation: You are agile. (Dex +2) [potion of
                  | mutation]
100375 | Lair:1   | Lost mutation: You have a pair of small antennae on your
                  | head. [potion of mutation]
100375 | Lair:1   | Lost mutation: You are agile. (Dex +2) [potion of mutation]
100375 | Lair:1   | Gained mutation: You tend to lose your temper in combat.
                  | [potion of mutation]
100375 | Lair:1   | Gained mutation: You are covered in fur. (AC +1) [potion of
                  | mutation]
100375 | Lair:1   | Gained mutation: You are somewhat resistant to further
                  | mutation. [potion of mutation]
100376 | Lair:1   | Lost mutation: You tend to lose your temper in combat.
                  | [potion of mutation]
100376 | Lair:1   | Lost mutation: You are somewhat resistant to further
                  | mutation. [potion of mutation]
100376 | Lair:1   | Gained mutation: You are partially covered in icy blue
                  | scales. (AC +2) [potion of mutation]
100376 | Lair:1   | Gained mutation: Your spells are a little harder to cast,
                  | but a little more powerful. [potion of mutation]
100463 | Lair:1   | Learned a level 9 spell: Glaciate
100481 | Zig:1    | Entered Level 1 of a ziggurat
100556 | Zig:2    | Entered Level 2 of a ziggurat
100599 | Zig:3    | Entered Level 3 of a ziggurat
100675 | Zig:4    | Entered Level 4 of a ziggurat
100677 | Zig:4    | Found the +2 hat of the Bear Spirit {Spirit, +Rage rN+
                  | MR++}
100715 | Zig:5    | Entered Level 5 of a ziggurat
100799 | Zig:6    | Entered Level 6 of a ziggurat
100888 | Zig:7    | Entered Level 7 of a ziggurat
100896 | Zig:7    | Found the +0 sword of Power
100939 | Zig:8    | Entered Level 8 of a ziggurat
101031 | Zig:9    | Entered Level 9 of a ziggurat
101071 | Zig:9    | Identified Sorcery for Novices
101094 | Zig:10   | Entered Level 10 of a ziggurat
101145 | Zig:10   | Got a dazzling war axe
101146 | Zig:10   | Identified the +6 war axe "Amewiharph" {flame, +Blink} (You
                  | found it on level 10 of a ziggurat)
101166 | Zig:11   | Entered Level 11 of a ziggurat
101175 | Zig:11   | Reached skill level 1 in Axes
101215 | Zig:11   | Got a smoking silver amulet
101216 | Zig:11   | Identified the amulet of Laehidd {Spirit -Tele rElec rPois
                  | MP+9} (You found it on level 11 of a ziggurat)
101263 | Zig:12   | Entered Level 12 of a ziggurat
101288 | Zig:12   | Identified Sif Muna's Volume of the Enchanting Entourage
101346 | Zig:13   | Entered Level 13 of a ziggurat
101466 | Zig:14   | Entered Level 14 of a ziggurat
101529 | Zig:14   | Identified Hopsuah's Almanac of the Displaced Snowflakes
101571 | Zig:15   | Entered Level 15 of a ziggurat
101608 | Zig:15   | Identified the Handbook of Dark Changing
101709 | Zig:16   | Entered Level 16 of a ziggurat
101722 | Zig:16   | Reached skill level 5 in Axes
101803 | Zig:17   | Entered Level 17 of a ziggurat
101812 | Zig:17   | Noticed a juggernaut
101814 | Zig:17   | Killed a juggernaut
101887 | Zig:17   | Got a wavering iron ring
101889 | Zig:17   | Identified the ring "Neyrikk" {MR+ Str+3 Int+8 Dex-3} (You
                  | found it on level 17 of a ziggurat)
101904 | Zig:18   | Entered Level 18 of a ziggurat
101917 | Zig:18   | Noticed Seavechy the pandemonium lord
101924 | Zig:18   | Killed Seavechy the pandemonium lord
101963 | Zig:18   | Got a faintly glowing lead ring
101965 | Zig:18   | Identified the ring of Bedif {rN+ MR+ Str+2} (You found it
                  | on level 18 of a ziggurat)
101975 | Zig:18   | Identified the Compendium of the Birds and Snow
102010 | Zig:19   | Entered Level 19 of a ziggurat
102031 | Zig:19   | Reached skill level 10 in Axes
102057 | Zig:19   | Found the +3 salamander hide armour {+Rage rF++}
102099 | Zig:19   | Got a wavering iron ring
102101 | Zig:19   | Identified the ring of Incredulity {*Tele rElec rN+} (You
                  | found it on level 19 of a ziggurat)
102108 | Zig:19   | Identified Suh Epis's Reference Book on Ashen Conjuration
102127 | Zig:20   | Entered Level 20 of a ziggurat
102138 | Zig:20   | Noticed an ancient lich
102139 | Zig:20   | Noticed an ancient lich
102140 | Zig:20   | Noticed an ancient lich
102140 | Zig:20   | Noticed an ancient lich
102142 | Zig:20   | Noticed an ancient lich
102144 | Zig:20   | Killed an ancient lich
102144 | Zig:20   | Killed an ancient lich
102147 | Zig:20   | Killed an ancient lich
102147 | Zig:20   | Killed an ancient lich
102152 | Zig:20   | Killed an ancient lich
102152 | Zig:20   | Reached skill level 15 in Stealth
102233 | Zig:21   | Entered Level 21 of a ziggurat
102363 | Zig:21   | Found the ring of the Octopus King
102367 | Zig:21   | Found the +5 demon whip "Spellbinder" {antimagic, MR+}
102377 | Zig:21   | Got a glittering copper ring
102379 | Zig:21   | Identified the ring of Lolee {Str+4 Int+4 SInv Stlth+} (You
                  | found it on level 21 of a ziggurat)
102387 | Zig:21   | Got a ring of the Octopus King
102389 | Zig:21   | Identified a ring of the Octopus King {rC+ AC+1 EV+1 Str+1
                  | Int+1 Dex+1} (You found it on level 21 of a ziggurat)
102432 | Zig:22   | Entered Level 22 of a ziggurat
102529 | Zig:22   | Identified Sif Muna's Papyrus of Feathery Earth
102541 | Zig:22   | Identified Sif Muna's Reference Book on Mutagenic Snow
102581 | Zig:23   | Entered Level 23 of a ziggurat
102589 | Zig:23   | Noticed an ancient lich
102589 | Zig:23   | Noticed an ancient lich
102590 | Zig:23   | Noticed an ancient lich
102590 | Zig:23   | Noticed an ancient lich
102591 | Zig:23   | Noticed an ancient lich
102593 | Zig:23   | Noticed an ancient lich
102594 | Zig:23   | Noticed an ancient lich
102594 | Zig:23   | Killed an ancient lich
102595 | Zig:23   | Killed an ancient lich
102596 | Zig:23   | Killed an ancient lich
102596 | Zig:23   | Killed an ancient lich
102596 | Zig:23   | Noticed an ancient lich
102598 | Zig:23   | Killed an ancient lich
102598 | Zig:23   | Killed an ancient lich
102599 | Zig:23   | Killed an ancient lich
102600 | Zig:23   | Killed an ancient lich
102629 | Zig:23   | Identified Uwkedaown's Disquisition on the Compass and
                  | Ignition
102648 | Zig:23   | Learned a level 2 spell: Blink
102650 | Zig:23   | Identified Rafacial's Compendium of the Rocks
102712 | Zig:24   | Entered Level 24 of a ziggurat
102724 | Zig:24   | Noticed an ancient lich
102730 | Zig:24   | Noticed an ancient lich
102730 | Zig:24   | Killed an ancient lich
102730 | Zig:24   | Reached skill level 15 in Translocations
102738 | Zig:24   | Killed an ancient lich
102787 | Zig:24   | Identified the Disquisition on Shifting Companions
102790 | Zig:24   | Identified Ugoifu's Tome of Glacial Attacks
102793 | Zig:24   | Identified the ring of Oqaqas {Int+5 Dex-5 Slay+6} (You
                  | found it on level 24 of a ziggurat)
102799 | Zig:24   | Got a polished large shield
102810 | Zig:24   | Identified the cursed -4 large shield "Feymapt" {-Cast rF++
                  | rN+ SInv} (You found it on level 24 of a ziggurat)
102844 | Zig:25   | Entered Level 25 of a ziggurat
102898 | Zig:25   | Found the +9 heavy crossbow "Sniper" {velocity, Acc+∞ SInv}
102899 | Zig:25   | Found the +6 shillelagh "Devastator" {shatter}
102957 | Zig:26   | Entered Level 26 of a ziggurat
102965 | Zig:26   | Noticed Evvacap the pandemonium lord
102967 | Zig:26   | Noticed Omast the pandemonium lord
102968 | Zig:26   | Noticed Hiaxul the pandemonium lord
102968 | Zig:26   | Noticed Qerim the pandemonium lord
102968 | Zig:26   | Noticed Ruudolas the pandemonium lord
102969 | Zig:26   | Noticed Tigosch the pandemonium lord
102969 | Zig:26   | Noticed Ostapnum the pandemonium lord
102969 | Zig:26   | Noticed Losyih the pandemonium lord
102970 | Zig:26   | Noticed Lucyrud the pandemonium lord
102970 | Zig:26   | Noticed Zuammu the pandemonium lord
102970 | Zig:26   | Noticed Aczoamen the pandemonium lord
102970 | Zig:26   | Noticed Geramajo the pandemonium lord
102970 | Zig:26   | Noticed Vicide the pandemonium lord
102971 | Zig:26   | Noticed Ziamu the pandemonium lord
102971 | Zig:26   | Noticed Jesawu Vuts the pandemonium lord
102972 | Zig:26   | Killed Qerim the pandemonium lord
102972 | Zig:26   | Noticed Suri Arph the pandemonium lord
102974 | Zig:26   | Killed Ruudolas the pandemonium lord
102974 | Zig:26   | Noticed Eschie the pandemonium lord
102974 | Zig:26   | Noticed Ceuguveh the pandemonium lord
102976 | Zig:26   | Killed Geramajo the pandemonium lord
102977 | Zig:26   | Noticed Vodailov the pandemonium lord
102977 | Zig:26   | Noticed Inomm the pandemonium lord
102977 | Zig:26   | Killed Ostapnum the pandemonium lord
102977 | Zig:26   | Killed Losyih the pandemonium lord
102978 | Zig:26   | Killed Omast the pandemonium lord
102978 | Zig:26   | Killed Aczoamen the pandemonium lord
102978 | Zig:26   | Killed Evvacap the pandemonium lord
102978 | Zig:26   | Killed Hiaxul the pandemonium lord
102979 | Zig:26   | Killed Zuammu the pandemonium lord
102979 | Zig:26   | Killed Jesawu Vuts the pandemonium lord
102980 | Zig:26   | Killed Tigosch the pandemonium lord
102980 | Zig:26   | Killed Lucyrud the pandemonium lord
102981 | Zig:26   | Noticed Paczefuwk the pandemonium lord
102982 | Zig:26   | Noticed Kagaotar the pandemonium lord
102984 | Zig:26   | Noticed Nunalo the pandemonium lord
102985 | Zig:26   | Killed Suri Arph the pandemonium lord
102988 | Zig:26   | Killed Vicide the pandemonium lord
102989 | Zig:26   | Killed Ziamu the pandemonium lord
102991 | Zig:26   | Killed Eschie the pandemonium lord
102991 | Zig:26   | Killed Inomm the pandemonium lord
102993 | Zig:26   | Killed Vodailov the pandemonium lord
102993 | Zig:26   | Killed Ceuguveh the pandemonium lord
102994 | Zig:26   | Killed Paczefuwk the pandemonium lord
102996 | Zig:26   | Killed Kagaotar the pandemonium lord
102997 | Zig:26   | Killed Nunalo the pandemonium lord
103023 | Zig:26   | Found the +8 frozen axe "Frostbite" {freezing cloud, *Noise
                  | +Fly rC+}
103023 | Zig:26   | Found the +2 robe of Vines {NoPotionHeal Regen+7}
103054 | Zig:26   | Identified the Papyrus of Scorching Protection
103148 | Zig:27   | Entered Level 27 of a ziggurat
103161 | Zig:27   | Slain by a purple draconian monk

Skill      XL: |  1  2  3  4  5  6  7  8  9 10 11 12 13 14 15 16 17 18 19 20 21 22 23 24 25 26 27 |
---------------+----------------------------------------------------------------------------------+-----
Transmutations | 3 4 5 6 7 8 9 10 12 13 | 13.4
Spellcasting   | 3 4 5 6 7 8 9 10 11 12 15 24 | 24.1
Ice Magic      | 1 2 4 5 6 7 8 9 10 11 25 | 25.7
Stealth        | 1 2 4 5 7 8 9 17 | 17.4
Unarmed Combat | 5 7 8 9 10 11 12 13 14 15 16 17 18 26 | 26.3
Dodging        | 3 4 5 6 7 9 10 11 12 13 14 15 20 | 20.6
Fighting       | 2 4 5 6 7 9 10 11 12 13 14 15 21 | 21.9
Shields        | 1 2 3 10 11 12 13 14 15 16 17 18 19 25 | 25.0
Invocations    | 2 4 5 7 9 10 14 | 14.9
Hexes          | 2 3 8 |  8.0
Necromancy     | 2 6 |  6.4
Charms         | 2 4 5 |  5.7
Conjurations   | 1 3 5 8 9 10 11 12 13 14 15 25 | 25.6
Earth Magic    | 4 5 6 7 8 |  8.4
Air Magic      | 6 7 23 | 23.2
Throwing       | 1 17 | 17.9
Fire Magic     | 26 | 26.6
Evocations     | 15 | 15.4
Staves         | 12 | 12.0
Translocations | 25 | 25.5
Summonings     | 26 | 26.0
Axes           | 14 | 14.7

Action                   |  1- 3 |  4- 6 |  7- 9 | 10-12 | 13-15 | 16-18 | 19-21 | 22-24 | 25-27 || total
-------------------------+-------+-------+-------+-------+-------+-------+-------+-------+-------++-------
Melee: Unarmed           |    93 |   196 |   284 |   501 |   731 |   876 |   767 |   855 |  9717 || 14020
       Constrict         |    27 |    55 |     8 |    14 |    84 |   116 |   156 |   110 |  1188 ||  1758
       Tentacles         |    16 |    36 |     8 |    31 |   150 |   326 |   241 |   303 |  2838 ||  3949
       Kick              |     7 |    30 |     6 |     5 |       |       |       |       |   174 ||   222
       Punch             |     2 |     8 |       |    13 |    47 |   127 |   132 |   172 |  2290 ||  2791
       Staff             |       |       |       |       |     3 |       |       |       |   288 ||   291
       Hunting sling     |       |       |       |       |       |    20 |       |       |       ||    20
       Broad axe         |       |       |       |       |       |       |       |       |   102 ||   102
       War axe           |       |       |       |       |       |       |       |       |    22 ||    22
 Fire: Blowgun           |       |       |       |       |       |       |       |       |    10 ||    10
Throw: Javelin           |       |       |     3 |    18 |    17 |    32 |     3 |     1 |    12 ||    86
 Cast: Beastly Appendage |     9 |    18 |     4 |     3 |       |       |       |       |     3 ||    37
       Sticks to Snakes  |     4 |    18 |     9 |    33 |    18 |     2 |       |       |    33 ||   117
       Ice Form          |       |     1 |    29 |    52 |    56 |       |       |       |    21 ||   159
       Confusing Touch   |       |       |       |    32 |    29 |     1 |       |       |     1 ||    63
       Fulminant Prism   |       |       |       |    27 |    24 |     3 |       |       |    16 ||    70
       Regeneration      |       |       |       |    21 |    46 |    21 |    20 |    15 |   115 ||   238
       Statue Form       |       |       |       |       |    50 |    88 |    64 |    98 |   396 ||   696
       Irradiate         |       |       |       |       |    10 |    18 |    19 |    13 |   102 ||   162
       Freezing Cloud    |       |       |       |       |       |     2 |     8 |     4 |    69 ||    83
       Deflect Missiles  |       |       |       |       |       |       |       |     2 |    35 ||    37
       Ignition          |       |       |       |       |       |       |       |       |   122 ||   122
       Tornado           |       |       |       |       |       |       |       |       |    36 ||    36
       Glaciate          |       |       |       |       |       |       |       |       |    27 ||    27
       Dragon's Call     |       |       |       |       |       |       |       |       |     8 ||     8
       Aura of Abjuratio |       |       |       |       |       |       |       |       |     7 ||     7
       Invisibility      |       |       |       |       |       |       |       |       |     2 ||     2
Invok: Slouch            |       |       |       |     1 |     9 |    15 |     7 |     7 |       ||    39
       Temporal Distorti |       |       |       |       |     3 |     1 |     4 |     1 |       ||     9
       Greater Servant o |       |       |       |       |       |       |       |       |    23 ||    23
       Major Destruction |       |       |       |       |       |       |       |       |     6 ||     6
 Abil: End Transformatio |       |       |       |     2 |     1 |     1 |       |       |     5 ||     9
       Evoke Blink       |       |       |       |       |       |     2 |       |       |       ||     2
       Evoke Flight      |       |       |       |       |       |       |       |       |     1 ||     1
Evoke: Wand              |       |     4 |       |    13 |    13 |    20 |     4 |     2 |    35 ||    91
       Lightning rod     |       |       |       |     4 |     4 |       |       |       |       ||     8
       Staff of energy   |       |       |       |       |       |       |       |       |    75 ||    75
       Figurine of a zig |       |       |       |       |       |       |       |       |     2 ||     2
       Phantom mirror    |       |       |       |       |       |       |       |       |     2 ||     2
  Use: Scroll            |       |     8 |     7 |     7 |     9 |     6 |     5 |       |    91 ||   133
       Potion            |       |     2 |       |     3 |     4 |     1 |     2 |     2 |    80 ||    94
 Stab: Sleeping          |     3 |     4 |     8 |    13 |    13 |    38 |     9 |    24 |    59 ||   171
       Distracted        |       |     1 |       |     3 |    13 |     4 |     2 |     4 |    69 ||    96
       Confused          |       |       |       |    18 |    17 |     1 |       |       |       ||    36
       Paralysed         |       |       |       |       |     1 |       |       |       |     3 ||     4
       Invisible         |       |       |       |       |       |       |       |       |    21 ||    21
       Petrified         |       |       |       |       |       |       |       |       |     3 ||     3
       Petrifying        |       |       |       |       |       |       |       |       |     1 ||     1
  Eat: Chunk             |     2 |     6 |    15 |    15 |    26 |    27 |    22 |    42 |   106 ||   261
       Ration            |       |     1 |       |       |     2 |     7 |     2 |     1 |    64 ||    77
Armor: Skin              |    13 |     3 |    90 |    84 |   345 |   347 |   216 |   221 |  2075 ||  3394
Dodge: Dodged            |    72 |    74 |   175 |   271 |   627 |   817 |   658 |   589 |  8404 || 11687
       Deflected         |       |       |       |       |       |       |       |     5 |   296 ||   301
Block: Other             |       |       |    49 |    66 |    58 |       |       |       |    25 ||   198
       Reflection        |       |       |     5 |       |    21 |    43 |    65 |   177 |   162 ||   473
       Large shield      |       |       |       |       |   788 |  1549 |   665 |  1773 | 15077 || 19852
       Shield            |       |       |       |       |       |       |   554 |       |   773 ||  1327
